 Dungeon Crawl Stone Soup version 0.31-a0-1202-ga8fea8b373 (webtiles) character file.

Game seed: 5536922726239039193

1845926 MackTheKnife the Impregnable (level 25, 200/200 HPs)
             Began as an Armataur Gladiator on Dec 11, 2023.
             Was a High Priest of Hepliaklqana.
             Escaped with the Orb
             ... and 3 runes on Dec 12, 2023!
             The game lasted 01:39:54 (55077 turns).

MackTheKnife the Impregnable (Armataur Gladiator)  Turns: 55077, Time: 01:39:54

Health: 200/200    AC: 55    Str: 32    XL:     25   Next: 45%
Magic:  26/26      EV: 10    Int:  8    God:    Hepliaklqana [*****.]
Gold:   6902       SH: 20    Dex: 22    Spells: 24/24 levels left

rFire   + + .        v - +8 eveningstar (vamp) {mace}
rCold   + . .        j - +5 Storm Queen's Shield {shock, Fly rElec}
rNeg    + . .        M - +7 gold dragon scales "Wiheuhu" {-Cast rPois rF+ rC+ Regen+ SInv, rare}
rPois   +            t - +2 helmet
rElec   +            K - +2 cloak {rCorr}
rCorr   +            G - +2 pair of gloves
SInv    +            n - +4 barding {Stlth+}
Will    +++..        e - amulet of Woomouci {RegenMP rPois Will++ Str+3} Stlth
                     L - ring of Wodgh {Fly rF+ rN+ Dex+3}
HPRegen 1.33/turn    Z - +6 ring of strength
MPRegen 0.60/turn

%: no spellcasting, roll
@: flying, studying 2 skills
A: reduced essence, large, deformed body, tough skin 3, armoured tail, roll 2,
long tongue, stinger 1, low MP 1, teleportitis 2, weak 1, subdued magic 1,
inability to drink after injury 1, inability to read after injury 2, MP-powered
wands, devolution 1
0: Orb of Zot
}: 3/15 runes: silver, abyssal, gossamer
a: Renounce Religion, Recall Ancestor, Ancestor Identity, Transference, Idealise


You escaped.
You worshipped Hepliaklqana.
Hepliaklqana was extremely pleased with you.
You visited 10 branches of the dungeon, and saw 48 of its levels.
You visited the Abyss 1 time.
You also visited: Ice Cave and Volcano.

You collected 8036 gold pieces.
You spent 1134 gold pieces at shops.


Innate Abilities, Weirdness & Mutations

Your life essence is reduced to manifest your ancestor. (-10% HP)
Armour fits poorly on your strangely shaped body.
You have extremely tough skin. (AC +3)
You have a long armoured tail.
You roll and regenerate health when moving toward enemies. (Rampage Heal)
Your long tongue fully drains potion bottles. (2x potion effects)
Your tail ends in a venomous barb.
Your magical capacity is low. (-10% MP)
You are often teleported next to monsters.
You are weak. (Str -2)
Your spells are a little easier to cast, but a little less powerful.
You occasionally lose the ability to drink potions when taking damage.
You sometimes lose the ability to read scrolls when taking damage.
You expend magic power (3 MP) to strengthen your wands.
You have hidden genetic defects.


   Skills:
 - Level 24.0 Fighting
 - Level 20.0 Maces & Flails
 - Level 1.7 Throwing
 + Level 26.3 Armour
 - Level 10.5 Dodging
 - Level 16.0 Shields
 - Level 8.0 Invocations
 - Level 8.0 Evocations


You had 24 spell levels left.
You didn't know any spells.
Your spell library contained the following spells:

 Spells                   Type           Power      Damage    Failure   Level
 Freeze                   Ice            0%         1d3       95%         1
 Magic Dart               Conj           0%         1d3       95%         1
 Shock                    Conj/Air       0%         1d3       95%         1
 Slow                     Hex            0%         N/A       95%         1
 Sting                    Tmut/Pois      0%         1d3       95%         1
 Summon Small Mammal      Summ           0%         N/A       95%         1
 Call Imp                 Summ           0%         N/A       99%         2
 Ensorcelled Hibernation  Hex/Ice        0%         N/A       99%         2
 Passwall                 Tmut/Erth      0%         N/A       99%         2
 Poisonous Vapours        Pois/Air       0%         N/A       99%         2
 Searing Ray              Conj           0%         2d4       99%         2
 Static Discharge         Conj/Air       0%         3-3/arc   99%         2
 Wereblood                Tmut           0%         N/A       99%         2
 Call Canine Familiar     Summ           0%         N/A       100%        3
 Dazzling Flash           Conj/Hex       0%         N/A       100%        3
 Frozen Ramparts          Ice            0%         1d1       100%        3
 Hailstorm                Conj/Ice       0%         3d5       100%        3
 Inner Flame              Hex/Fire       0%         N/A       100%        3
 Mephitic Cloud           Conj/Pois/Air  0%         N/A       100%        3
 Ozocubu's Armour         Ice            0%         N/A       100%        3
 Summon Guardian Golem    Hex/Summ       0%         N/A       100%        3
 Swiftness                Air            0%         N/A       100%        3
 Tukima's Dance           Hex            0%         N/A       100%        3
 Volatile Blastmotes      Fire/Tloc      0%         2d10      100%        3
 Airstrike                Air            0%         2d(0-16)  100%        4
 Cause Fear               Hex            0%         N/A       100%        4
 Flame Wave               Conj/Fire      0%         2d4       100%        4
 Fulminant Prism          Conj/Hex       0%         3d5       100%        4
 Iskenderun's Mystic Bla  Conj/Tloc      0%         2d3       100%        4
 Olgreb's Toxic Radiance  Pois           0%         N/A       100%        4
 Passage of Golubria      Tloc           0%         N/A       100%        4
 Petrify                  Tmut/Erth      0%         N/A       100%        4
 Sticky Flame             Conj/Fire      0%         2d3       100%        4
 Summon Ice Beast         Ice/Summ       0%         N/A       100%        4
 Summon Lightning Spire   Summ/Air       0%         N/A       100%        4
 Agony                    Necr           0%         N/A       100%        5
 Alistair's Intoxication  Tmut/Pois      0%         N/A       100%        5
 Irradiate                Conj/Tmut      0%         3d11      100%        5
 Iskenderun's Battlesphe  Conj           0%         2d6       100%        5
 Metabolic Englaciation   Hex/Ice        0%         N/A       100%        5
 Silence                  Hex/Air        0%         N/A       100%        5
 Summon Forest            Summ/Tloc      0%         N/A       100%        5
 Yara's Violent Unravell  Hex/Tmut       0%         3d3       100%        5
 Eringya's Noxious Bog    Tmut/Pois      0%         4d6       100%        6
 Simulacrum               Ice/Necr       0%         N/A       100%        6
 Enfeeble                 Hex            0%         N/A       100%        7
 Ozocubu's Refrigeration  Ice            0%         4d7       100%        7
 Spellforged Servitor     Conj/Summ      0%         N/A       100%        7
 Summon Hydra             Summ           0%         N/A       100%        7
 Discord                  Hex            0%         N/A       100%        8
 Ignition                 Fire           0%         3d3       100%        8

Inventory:

Hand Weapons
 a - a +7 heavy eveningstar {mace}
   (You found it on level 13 of the Dungeon)
 v - a +8 vampiric eveningstar (weapon) {mace}
   (You took it off Zenata on level 1 of the Vaults)
Armour
 j - the +5 Storm Queen's Shield (worn) {shock, Fly rElec}
   (You took it off a rakshasa on level 2 of the Depths)

   Shock:     When it blocks an attack, it may electrocute the attacker.
   This works even against foes who are a short distance away.
   rElec:     It insulates you from electricity.
   Fly:       It grants you flight.
 n - a +4 barding of stealth (worn)
   (You found it on level 3 of the Elven Halls)
 t - a +2 helmet (worn)
   (You found it on level 4 of the Depths)
 G - a +2 pair of gloves (worn)
   (You found it on level 10 of the Dungeon)
 K - a +2 cloak of preservation (worn)
   (You found it on level 1 of the Lair of Beasts)
 M - the +7 gold dragon scales "Wiheuhu" (worn) {-Cast rPois rF+ rC+ Regen+ SInv, rare}
   (You took it off a deep elf master archer on level 3 of the Elven Halls)

   rF+:       It protects you from fire.
   rC+:       It protects you from cold.
   rPois:     It protects you from poison SInv: It lets you see invisible.
   -Cast:     It prevents spellcasting.
   Regen+:    It increases your rate of health regeneration.
 V - a scarf of resistance
   (You found it on level 4 of the Spider Nest)
Jewellery
 e - the amulet of Woomouci (around neck) {RegenMP rPois Will++ Str+3}
   (You took it off a deep elf elementalist on level 3 of the Elven Halls)

   [amulet of magic regeneration]

   RegenMP:   It increases your rate of magic regeneration.
   Str+3:     It affects your strength (+3).
   rPois:     It protects you from poison Will++: It greatly increases your
   willpower.
 o - a ring of ice
   (You found it on level 1 of the Realm of Zot)
 p - the ring "Moat" {Will+ Int+6 SInv}
   (You found it on level 2 of the Orcish Mines)

   [ring of intelligence]

   Int+6:     It affects your intelligence (+6).
   Will+:     It increases your willpower.
   SInv:      It lets you see invisible.
 L - the ring of Wodgh (left hand) {Fly rF+ rN+ Dex+3}
   (You found it on level 4 of the Vaults)

   [ring of flight]

   Dex+3:     It affects your dexterity (+3).
   rF+:       It protects you from fire.
   rN+:       It protects you from negative energy.
   Fly:       It grants you flight.
 W - the ring "Wyzyutio" {rPois rC- rN+ rCorr Int+6}
   (You found it on level 1 of the Spider Nest)

   [ring of resist corrosion]

   Int+6:     It affects your intelligence (+6).
   rC-:       It makes you vulnerable to cold.
   rPois:     It protects you from poison rN+: It protects you from negative
   energy.
   rCorr:     It protects you from acid and corrosion.
 Y - the ring of Eniumoa {Fly Int+6}
   (You found it on level 3 of the Shoals)

   [ring of intelligence]

   Int+6:     It affects your intelligence (+6).
   Fly:       It grants you flight.
 Z - a +6 ring of strength (right hand)
   (You found it on level 1 of the Elven Halls)
Wands
 g - a wand of quicksilver (16)
   (You found it on level 3 of the Elven Halls)
 D - a wand of roots (25)
   (You took it off Harold on level 9 of the Dungeon)
 J - a wand of digging (3)
   (You found it on level 10 of the Dungeon)
Scrolls
 d - 3 scrolls of silence {!r}
 f - 7 scrolls of teleportation {@r4}
 i - 10 scrolls of vulnerability {!r!r}
 k - a scroll of poison
 l - a scroll of fog
 m - 6 scrolls of enchant armour
 q - 8 scrolls of fear
 y - 9 scrolls of blinking {!r}
 B - 5 scrolls of brand weapon
 C - 21 scrolls of identify {@r1}
 X - a scroll of revelation
Potions
 h - 18 potions of curing {@q1}
 r - 3 potions of berserk rage {!q}
 s - 7 potions of ambrosia
 u - 6 potions of invisibility
 x - 3 potions of resistance
 z - 2 potions of attraction {!q}
 F - 4 potions of enlightenment
 H - 7 potions of magic
 I - 14 potions of heal wounds {@q2}
 P - a potion of haste {@q3}
 R - a potion of cancellation
Miscellaneous
 b - a sack of spiders
   (You found it on level 4 of the Vaults)
 c - a tin of tremorstones (2/2) {throwing}
   (You found it on level 5 of the Vaults)
 w - a lightning rod (4/4)
   (You bought it in a shop on level 2 of the Shoals)
 O - a phial of floods
   (You found it on level 5 of the Lair of Beasts)
 T - a phantom mirror
   (You found it in an ice cave)

Dungeon Overview and Level Annotations

Branches:
Dungeon (15/15)            Temple (1/1) D:4            Lair (5/5) D:10
 Shoals (4/4) Lair:3       Spider (4/4) Lair:2        Slime (0/5) Lair:4
    Orc (2/2) D:9             Elf (3/3) Orc:2        Vaults (5/5) D:13
  Crypt (0/3) Vaults:2     Depths (4/4) D:15            Zot (5/5) Depths:4
  IceCv (visited)         Volcano (visited)

Altars:
Ashenzari
Cheibriados
Dithmenos
Elyvilon
Fedhas
Gozag
Hepliaklqana
Kikubaaqudgha
Makhleb
Nemelex Xobeh
Okawaru
Qazlal
Ru
Sif Muna
Trog
Uskayaw
Vehumet
Wu Jian
Xom
Yredelemnul
Zin
The Shining One
Jiyva

Shops:
Orc:2 :([*:   Elf:3 [   Shoals:2 *[*(   Vaults:2 =

Portals:
Hell: Depths:1 Depths:2 Depths:3 Depths:4
Abyss: Depths:2 Depths:3
Pandemonium: Depths:2
Ziggurat: Depths:2

Annotations:
D:1 exclusion: downstairs
D:7 1 runed translucent door, Graknight's ghost, novice TrEE
Shoals:2 hackum's ghost, adept OpGl
Spider:3 exclusion: downstairs
Orc:2 exclusion: upstairs
Vaults:2 6 runed translucent doors
Vaults:5 Saint Roka
Zot:3 Grunn
Zot:5 exclusion: 2 upstairs

..........)............'......>..
.........#######.#.....#.........
##############################'##
#####.............##### #.##
###..........⌠..........###..#
####...⌠.................⌠...##..
.##........⌠.........⌠........##.
.#....(........................#.
.#...⌠..........@..........⌠...#.
.#.............................#.
.##........⌠.........⌠........##.
.###...⌠.................⌠...##..
.#####..........⌠..........###..#
....###'##.............##'####.##
###..)...###############..#.##.##
#####..........................#
#.................#####.#..##..#


There were no monsters in sight!


Message History

You see here a potion of lignification {!q}.
There is a one-way gate leading to the halls of Pandemonium here.
There is a stone staircase leading up here.
You fly upwards.
There is a stone staircase leading down here.
Things that are here:
a +0 chain mail; a +4 heavy demon whip {mace}
There is a staircase back to the Dungeon here.
You fly upwards.
Welcome back to the Dungeon!
There is a staircase to the Depths, spattered with blood here.
A smoke demon comes into view.
Eadburga gestures at the smoke demon while chanting.
The bolt of magma hits the smoke demon!
The smoke demon partially resists.
Eadburga casts a spell at the smoke demon.
The crystal spear hits the smoke demon!!
The smoke demon dies!
There is a stone staircase leading up here.
You fly upwards.
There is a stone staircase leading down here.
There is an open door here.
There is an open door here.
There is a stone staircase leading up here.
You fly upwards.
There is a stone staircase leading down here.
There is a stone staircase leading up here.
You fly upwards.
There is a stone staircase leading down here.
There is an open door here.
There is a stone staircase leading up here.
You fly upwards.
There is a stone staircase leading down here.
There is a stone staircase leading up here.
You fly upwards.
There is a stone staircase leading down here.
You see here a +1 scimitar of flaming {long}.
Things that are here:
a +0 robe; a +0 dagger of venom {short} You see here a +0 club {mace}.
An efreet comes into view.
It is wielding a +3 scimitar of flaming.
There is a stone staircase leading up, spattered with blood here.
The efreet gestures at you.
The bolt of fire hits you but does no damage.
There is a stone staircase leading up, spattered with blood here.
You fly upwards.
There is a stone staircase leading down here.
Things that are here:
a +0 robe; a +2 battleaxe {axe}
Things that are here:
a +0 robe; a +1 scimitar {long}
Things that are here:
a +0 robe; a +1 trident {polearm}
There is a stone staircase leading up here.
You fly upwards.
There is a stone staircase leading down here.
There is a stone staircase leading up here.
You fly upwards.
Level annotation: 1 runed translucent door, Graknight's ghost, novice TrEE
There is a stone staircase leading down here.
There is a stone staircase leading up here.
You fly upwards.
There is a stone staircase leading down here.
There is a stone staircase leading up here.
You fly upwards.
There is a stone staircase leading down here.
Things that are here:
a +3 scimitar {long}; a +5 halberd {polearm}
There is a stone staircase leading up here.
You fly upwards.
There is a stone staircase leading down here.
There is a stone staircase leading up here.
You fly upwards.
There is a stone staircase leading down here.
An Orb Guardian comes into view.
Unknown command.
Aiming: Dig
Press: ? - help, Shift-Dir - straight line A rock wall.
This square is covered in magical glow.
You feel a surge of power!
The rock shatters into small pieces. 😎 MP[-3]
You lost 3 mp, and now have 23/26 mp. 😎 MP[+1]
There is a stone staircase leading up here. 😎 MP[+1]
You fly upwards.
There is a stone staircase leading down here. 😎 MP[+1]
Your mp is fully restored (26).
Okay, then.
What level of the Dungeon? (default 1, ? - help)
There is a stone staircase leading up here.
You fly upwards.
Level annotation: exclusion: downstairs
There is a stone staircase leading down here.
You reach down and open the door.
There is an open door here.
You see here a +0 dagger {short}.
There is an open door, spattered with blood here.
There is a staircase leading out of the dungeon here.
You have escaped!

Skill      XL: |  1  2  3  4  5  6  7  8  9 10 11 12 13 14 15 16 17 18 19 20 21 22 23 24 25 |
---------------+----------------------------------------------------------------------------+-----
Fighting       | 2 4 5 6 7 9 10 11 14 15 18 20 21 23 24 | 24.0
Maces & Flails | 3 4 6 7 9 10 11 14 16 20 | 20.0
Armour         | 5 9 10 12 14 20 22 24 26 | 26.3
Shields        | 6 12 14 15 16 | 16.0
Invocations    | 1 4 8 |  8.0
Dodging        | 4 6 9 10 | 10.5
Evocations     | 8 |  8.0
Throwing       | |  1.7

Action                     |  1- 3 |  4- 6 |  7- 9 | 10-12 | 13-15 | 16-18 | 19-21 | 22-24 | 25-27 || total
---------------------------+-------+-------+-------+-------+-------+-------+-------+-------+-------++-------
  Melee: Flail             |    97 |   190 |   238 |   412 |   871 |       |       |       |       ||  1808
         Tailslap          |     9 |    22 |    41 |    69 |   194 |    53 |   195 |   367 |    31 ||   981
         Punch             |       |     2 |     2 |       |       |       |       |       |       ||     4
         Kick              |       |       |       |    20 |    83 |       |       |       |       ||   103
         Headbutt          |       |       |       |    31 |    82 |       |       |       |       ||   113
         Eveningstar       |       |       |       |       |   193 |   289 |   996 |  1287 |   153 ||  2918
  Throw: Dart              |       |       |       |     2 |     4 |       |       |       |       ||     6
 Invoke: Recall Ancestor   |       |       |     1 |     1 |     5 |     6 |     5 |     5 |     3 ||    26
         Ancestor Life: Ba |       |       |     1 |       |       |       |       |       |       ||     1
         Idealise          |       |       |       |       |     8 |     8 |    17 |    10 |     2 ||    45
  Evoke: Wand              |       |       |       |     2 |     7 |       |     1 |     1 |     1 ||    12
         Phantom mirror    |       |       |       |       |       |     1 |     2 |     1 |       ||     4
         Phial of floods   |       |       |       |       |       |     1 |     1 |       |       ||     2
         Lightning rod     |       |       |       |       |       |       |     9 |     4 |       ||    13
         Sack of spiders   |       |       |       |       |       |       |       |     2 |       ||     2
    Use: Scroll            |       |     7 |    11 |     7 |    16 |     8 |    19 |    21 |     2 ||    91
         Potion            |       |     2 |     3 |     2 |    13 |     6 |     7 |    16 |     5 ||    54
   Stab: Distracted        |       |       |     3 |    10 |    24 |    11 |    20 |    40 |     3 ||   111
         Sleeping          |       |       |     1 |     4 |       |       |       |       |       ||     5
         Invisible         |       |       |       |       |    10 |     2 |     9 |       |       ||    21
         Fleeing           |       |       |       |       |     1 |       |       |       |       ||     1
 Armour: Leather armour    |    36 |    87 |   120 |     7 |     8 |       |       |       |       ||   258
         Skin              |       |     3 |       |       |       |       |       |       |       ||     3
         Steam dragon scal |       |       |       |    79 |       |       |       |       |       ||    79
         Ring mail         |       |       |       |    53 |    77 |       |       |       |       ||   130
         Scale mail        |       |       |       |       |   265 |   240 |   334 |       |       ||   839
         Gold dragon scale |       |       |       |       |       |       |   366 |   876 |   161 ||  1403
  Dodge: Dodged            |    64 |   132 |   139 |   148 |   332 |   202 |   410 |   221 |    52 ||  1700
  Block: Other             |       |       |    39 |     1 |       |       |       |       |       ||    40
         Reflection        |       |       |     3 |     3 |    18 |     2 |    55 |       |       ||    81
         Buckler           |       |       |       |   121 |       |       |       |       |       ||   121
         Kite shield       |       |       |       |    27 |   755 |   381 |   870 |   905 |   150 ||  3088

Levels and vault maps discovered:
D:1:      dpeg_arrival_water_temple_mockup, layout_basic
D:2:      layout_loops_cross
D:3:      layout_basic, nicolae_overflow_crystal_walls, lemuel_tele_altar,
          uniq_sigmund
D:4:      layout_loops_ring, trog_hazing_becter, kennysheep_mini,
          minmay_temple_entry_ruins
D:5:      layout_basic, nemelex_altar_shiori, interstate_on_off
D:6:      layout_loops_ring, chei_slow_surprise, okawaru_metal_pillars_3,
          overflow_temple_1_default, uniq_grinder, uniq_blork_the_orc
D:7:      layout_rooms, ebering_ghost_xom, hangedman_decor_peaks_small,
          uniq_menkaure
D:8:      layout_basic, eat_drink_and_be_merry_uskayaw, general_overflow_altar,
          kennysheep_generic_room_9
D:9:      layout_rooms, mainiacjoe_overflow_six_doors_small, tgw_kikubaaqudgha,
          lemuel_mausoleum_altar_yredelemnul,
          kennysheep_orc_monster_closet_entryway, minmay_fractal_squares_5,
          uniq_maggie, uniq_harold
D:10:     layout_loops_ring, david_lair_shrubbed,
          nicolae_demonic_statue_gallery, uniq_erica
D:11:     layout_roguey
D:12:     layout_roguey, portal_ice_cave_demonic_guard
D:13:     minmay_goldmine, layout_small_grid, erik_vaults_2,
          kennysheep_just_a_vault
D:14:     layout_roguey, infiniplex_staircase_pillars_3a
D:15:     grunt_enter_depths_giant_problem, layout_small_grid,
          minmay_misc_feat_cross
Temple:   dpeg_three_leaves_temple
Lair:1:   layout_regular_city, enter_volcano_1, grunt_megastairs_4
Lair:2:   layout_regular_city, nicolae_spider_entry_non_spiders,
          serial_bayou_shore_a, uniq_urug
Lair:3:   layout_regular_city, shoals_dummy_entry, uniq_gastronok
Lair:4:   layout_cave_pods, slime_entry_1, minmay_stone_trees_large,
          nicolae_quartered_pool_little
Lair:5:   gammafunk_lair_ancient_temple, layout_regular_city, uniq_josephine
Shoals:1: layout_shoals, nicolae_shoals_this_corrosion
Shoals:2: nicolae_shoals_mermall, layout_shoals, gammafunk_ghost_necromancy
Shoals:3: layout_shoals, uniq_polyphemus
Shoals:4: shoals_end_hellmonk_storm_palace [storm_palace_center_circular,
          storm_palace_corner_blocked, storm_palace_corner_altar,
          storm_palace_corner_grid, storm_palace_corner_grid]
Spider:1: layout_cave_pods, hellmonk_narrow_tunnel, uniq_mlioglotl
Spider:2: layout_chambers
Spider:3: layout_spider_delve, hangedman_spider_tarantella_strand, uniq_louise,
          uniq_arachne, uniq_bai_suzhen
Spider:4: grunt_spider_rune_circles, hellmonk_spider_spawner, uniq_mara,
          uniq_nikola
Orc:1:    layout_caves
Orc:2:    st_orc_congregation, layout_diamond_mine, serial_shops, shop,
          basic_altar, gammafunk_ghost_stat_death, uniq_donald
Elf:1:    eino_elf_arrival_customs, layout_geoelf_octagon,
          minmay_elf_crystal_heptagon, hellmonk_elf_help, uniq_frances
Elf:2:    elven_hall_of_blades_hangedman_original
          [nicolae_blade_entry_sentries_behind_glass], layout_geoelf_octagon,
          hellmonk_ghost_happy_afterlife, basic_altar
Elf:3:    elf_hall, layout_onion_city, serial_shops, shop
Vaults:1: grunt_vaults_hallway_short, v_alt_pattern_2,
          nicolae_vaults_storage_closets_3, nicolae_vaults_closet_pinwheel_4,
          nicolae_vaults_surprise_closet_hard, nicolae_vaults_tetromino_Z_1,
          nicolae_vaults_rhombus_5, nicolae_vaults_shelves_hall,
          layout_vaults_quadrants, uniq_zenata
Vaults:2: advil_vaults_ghost_lines, hangedman_vaults_variations, st_more_cells,
          vaults_room_semicircle, ontoclasm_vaults_fault,
          minmay_crypt_entry_simple_round, vaults_mumra_chevron,
          vaults_dpeg_cross, nicolae_vaults_diagonal_hallway_8, v_misc_27,
          ontoclasm_vaults_idyll, hangedman_vaults_maws,
          ontoclasm_vaults_gateway, v_misc_4, layout_vaults_omnicross,
          serial_shops, nicolae_shop_stone
Vaults:3: nicolae_vaults_turnstiles, nicolae_vaults_shelves_hall,
          vaults_mumra_chevron_long, nicolae_vaults_sightless_eye,
          nicolae_vaults_hallways_thing, nicolae_vaults_shrinking_rooms_1,
          v_rooms_3, nicolae_vaults_offset_grid_hallway_2,
          nicolae_vaults_specimen_jars, vaults_room_hallway,
          vaults_room_semicircle, nicolae_vaults_offset_grid_hallway_1,
          nicolae_vaults_little_squares_4, layout_vaults_omnibox, uniq_xtahua
Vaults:4: vaults_standard_mumra_lines, minmay_orc_keep,
          nicolae_vaults_little_ls, vaults_dpeg_ring,
          nicolae_vaults_more_shelving_1, v_pattern_3,
          nicolae_vaults_closet_pinwheel_3, dpeg_vaults_monster_box,
          ontoclasm_vaults_ring_small, layout_vaults_chaotic_city, uniq_jory
Vaults:5: serial_shops, uniq_saint_roka, uniq_margery
Depths:1: layout_gridlike, tso_altar, grunt_hell_entry_dis_grunt,
          serial_sigils_hangedman_gut, nzn_wu_jian_contemplation, uniq_norris
Depths:2: minmay_the_grid_square_5x5_4x4_mashed
          [minmay_the_grid_square_5x5_spiral, minmay_the_grid_square_5x5_two,
          minmay_the_grid_square_5x5_detours,
          minmay_the_grid_square_5x5_percent,
          minmay_the_grid_square_5x5_minibox,
          minmay_the_grid_square_5x5_prize_junk,
          minmay_the_grid_square_5x5_prize_monsterx,
          minmay_the_grid_square_5x5_misaligned,
          minmay_the_grid_square_5x5_corner,
          minmay_the_grid_square_5x5_prize_gold,
          minmay_the_grid_square_5x5_prize_rear_guard,
          minmay_the_grid_square_5x5_inverted_slash,
          minmay_the_grid_square_5x5_bite, minmay_the_grid_square_5x5_dogpile,
          minmay_the_grid_square_5x5_n_small, minmay_the_grid_square_5x5_three],
          layout_gridlike, enter_ziggurat_c, pan_entry,
          hangedman_abyss_entry_splay, pf_vacation_house_of_asmodeus,
          infiniplex_staircase_diamond, hex_tiny
Depths:3: nicolae_cairo_tiling_large_dashed, layout_small_grid,
          corexii_corridor_pit, hell_entry, abyss_entry_crystal,
          serial_bayou_shore_b
Depths:4: evilmike_zot_entry_hall, layout_cave_pools, grunt_mini_vestibule,
          nicolae_gozag_cash_rules_everything_around_me
Zot:1:    layout_basic, regret_index_zotdec_tunneler
Zot:2:    minmay_elemental_castle, layout_basic
Zot:3:    layout_basic, kennysheep_underground_church, uniq_grunn
Zot:4:    layout_basic
Zot:5:    layout_misc_corridors, bh_zot_lava_cross, grunt_ministairs_13

Notes
Turn   | Place    | Note
-------+----------+-------------------------------------------
     0 | D:1      | MackTheKnife the Armataur Gladiator began the quest for the
                  | Orb.
     0 | D:1      | Reached XP level 1. HP: 16/16 MP: 1/1
     0 | D:1      | magus.rc [v1.9.6]
   116 | D:1      | Reached skill level 2 in Fighting
   116 | D:1      | Reached skill level 3 in Maces & Flails
   267 | D:1      | Reached XP level 2. HP: 22/22 MP: 2/2
   791 | D:2      | You pick up a book of Callings and begin reading...
   791 | D:2      | You add the spells Summon Small Mammal, Call Canine
                  | Familiar and Summon Guardian Golem to your library.
   932 | D:2      | Reached XP level 3. HP: 27/27 MP: 3/3
  1215 | D:2      | Reached skill level 4 in Maces & Flails
  1215 | D:2      | Reached XP level 4. HP: 33/34 MP: 4/4
  1346 | D:2      | Reached skill level 3 in Fighting
  1699 | D:3      | Noticed Sigmund
  1709 | D:3      | Killed Sigmund
  1710 | D:3      | Reached skill level 4 in Fighting
  1710 | D:3      | Reached XP level 5. HP: 42/42 MP: 5/5
  1985 | D:3      | Reached XP level 6. HP: 32/48 MP: 6/6
  2083 | D:3      | Reached skill level 5 in Maces & Flails
  2331 | D:3      | Found a shimmering altar of Xom.
  2425 | D:3      | Found a shimmering blue altar of Sif Muna.
  2760 | D:4      | Found a staircase to the Ecumenical Temple.
  2774 | Temple   | Entered the Ecumenical Temple
  2806 | Temple   | Became a worshipper of Hepliaklqana the Forgotten
  3115 | D:4      | Found a blossoming altar of Fedhas.
  3170 | D:4      | Noticed a water moccasin
  3182 | D:4      | Killed a water moccasin
  3183 | D:4      | Reached skill level 6 in Maces & Flails
  3454 | D:4      | Found a bloodstained altar of Trog.
  3667 | D:5      | Entered Level 5 of the Dungeon
  3701 | D:5      | Gained mutation: You roll and regenerate health when moving
                  | toward enemies. (Rampage Heal) [Armataur growth]
  3701 | D:5      | Reached XP level 7. HP: 54/54 MP: 7/7
  4051 | D:5      | Found a sparkling altar of Nemelex Xobeh.
  4192 | D:5      | You pick up a book of the Tundra and begin reading...
  4192 | D:5      | You add the spells Hailstorm, Summon Ice Beast and
                  | Simulacrum to your library.
  4277 | D:5      | Reached * piety under Hepliaklqana
  4474 | D:6      | Noticed Grinder
  4529 | D:6      | Reached skill level 5 in Fighting
  4529 | D:6      | Reached skill level 7 in Maces & Flails
  4635 | D:6      | Killed Grinder
  4636 | D:6      | Reached XP level 8. HP: 50/56 MP: 8/8
  4705 | D:6      | Noticed Blork the orc
  4753 | D:6      | Found a radiant altar of Vehumet.
  4886 | D:6      | HP: 7/52 [wight/+5 halberd (10)]
  4892 | D:6      | Reached skill level 6 in Fighting
  5129 | D:6      | Reached skill level 8 in Maces & Flails
  5307 | D:6      | Found a snail-covered altar of Cheibriados.
  5332 | D:6      | Killed Blork the orc
  5715 | D:6      | Found an iron altar of Okawaru.
  5724 | D:6      | Reached skill level 9 in Maces & Flails
  5957 | D:7      | Reached ** piety under Hepliaklqana
  5958 | D:7      | Remembered your ancestor Eadburga as a battlemage
  6040 | D:7      | Found a runed translucent door.
  6041 | D:7      | Found a shimmering altar of Xom.
  6041 | D:7      | Noticed Graknight's ghost (novice TrEE)
  6041 | D:7      | Noticed a +1 war axe of chaos
  6051 | D:7      | Reached XP level 9. HP: 62/62 MP: 9/9
  6177 | D:7      | Noticed Menkaure
  6187 | D:7      | Killed Menkaure
  6188 | D:7      | Reached skill level 10 in Maces & Flails
  6188 | D:7      | Reached skill level 1 in Armour
  6192 | D:7      | HP: 15/62 [white imp/puff of frost (3)]
  6451 | D:7      | Reached skill level 2 in Armour
  6492 | D:7      | Reached skill level 3 in Armour
  6595 | D:7      | Reached skill level 4 in Armour
  6675 | D:7      | Reached skill level 5 in Armour
  6824 | D:8      | Found a hide-covered altar of Uskayaw.
  6875 | D:8      | Found a shadowy altar of Dithmenos.
  7189 | D:8      | Reached skill level 7 in Fighting
  7390 | D:8      | Noticed a two-headed ogre
  7398 | D:8      | Killed a two-headed ogre
  7399 | D:8      | Reached XP level 10. HP: 34/71 MP: 10/10
  7584 | D:8      | Identified the +7 great sword "Hocroi" {heavy, rPois Dex+4}
  7946 | D:9      | Reached *** piety under Hepliaklqana
  8002 | D:9      | Noticed Maggie
  8017 | D:9      | Reached skill level 1 in Shields
  8034 | D:9      | Killed Maggie
  8035 | D:9      | Reached skill level 2 in Shields
  8095 | D:9      | Reached skill level 8 in Fighting
  8119 | D:9      | Found a glowing silver altar of Zin.
  8135 | D:9      | Reached skill level 3 in Shields
  8147 | D:9      | Reached skill level 4 in Shields
  8188 | D:9      | Noticed Harold
  8199 | D:9      | HP: 13/72 [Harold/+0 glaive (8)]
  8199 | D:9      | HP: 6/72 [constriction (7)]
  8199 | D:9      | Killed Harold
  8200 | D:9      | Reached skill level 6 in Shields
  8468 | D:9      | Noticed a two-headed ogre
  8476 | D:9      | Killed a two-headed ogre
  8494 | D:9      | Noticed a cyclops
  8498 | D:9      | Killed a cyclops
  8499 | D:9      | Reached skill level 9 in Fighting
  8703 | D:9      | You pick up a book of the Senses and begin reading...
  8703 | D:9      | You add the spells Dazzling Flash, Agony and Silence to
                  | your library.
  8718 | D:9      | Reached skill level 11 in Maces & Flails
  8732 | D:9      | Reached XP level 11. HP: 81/81 MP: 11/11
  8734 | D:9      | Found a basalt altar of Yredelemnul.
  8914 | D:9      | Found an ancient bone altar of Kikubaaqudgha.
  9008 | D:9      | Reached skill level 10 in Fighting
  9177 | D:9      | Found a staircase to the Orcish Mines.
  9289 | D:10     | Entered Level 10 of the Dungeon
  9380 | D:10     | Noticed a two-headed ogre
  9390 | D:10     | Killed a two-headed ogre
  9508 | D:10     | Noticed Erica
  9516 | D:10     | Killed Erica
  9517 | D:10     | Reached skill level 12 in Maces & Flails
  9666 | D:10     | Found a staircase to the Lair.
 10319 | Lair:1   | Entered Level 1 of the Lair of Beasts
 10363 | Lair:1   | Reached **** piety under Hepliaklqana
 10369 | Lair:1   | Reached skill level 13 in Maces & Flails
 10388 | Lair:1   | Gained mutation: You are frail. (-10% HP) [potion of
                  | mutation]
 10388 | Lair:1   | Gained mutation: Your flesh is heat resistant. (rF+)
                  | [potion of mutation]
 10388 | Lair:1   | Gained mutation: You have sharp toenails. [potion of
                  | mutation]
 10388 | Lair:1   | Gained mutation: Your tail ends in a venomous barb. [potion
                  | of mutation]
 10388 | Lair:1   | Gained mutation: You are agile. (Dex +4, Str/Int -1)
                  | [potion of mutation]
 10553 | Lair:1   | Found a dark tunnel.
 10561 | Volcano  | Entered a volcano
 10613 | Volcano  | Noticed a two-headed ogre
 10623 | Volcano  | Killed a two-headed ogre
 10624 | Volcano  | Reached skill level 14 in Maces & Flails
 10624 | Volcano  | Reached skill level 1 in Invocations
 10624 | Volcano  | Reached XP level 12. HP: 71/77 MP: 12/12
 10626 | Volcano  | Noticed a two-headed ogre
 10628 | Volcano  | Reached skill level 2 in Invocations
 10629 | Volcano  | Killed a two-headed ogre
 10630 | Volcano  | Reached skill level 3 in Invocations
 10786 | Volcano  | Noticed a two-headed ogre
 10800 | Volcano  | Killed a two-headed ogre
 10801 | Volcano  | Reached skill level 4 in Invocations
 10888 | Volcano  | Lost mutation: You are agile. (Dex +4, Str/Int -1) [potion
                  | of mutation]
 10888 | Volcano  | Lost mutation: Your tail ends in a venomous barb. [potion
                  | of mutation]
 10888 | Volcano  | Lost mutation: Your flesh is heat resistant. (rF+) [potion
                  | of mutation]
 10888 | Volcano  | Lost mutation: You have sharp toenails. [potion of
                  | mutation]
 10888 | Volcano  | Gained mutation: You are clumsy. (Dex -2) [potion of
                  | mutation]
 10888 | Volcano  | Lost mutation: You are frail. (-10% HP) [potion of
                  | mutation]
 10888 | Volcano  | Gained mutation: You are partially covered in iridescent
                  | scales. (AC +2) [potion of mutation]
 10888 | Volcano  | Gained mutation: You expend magic power (3 MP) to
                  | strengthen your wands. [potion of mutation]
 10888 | Volcano  | Gained mutation: You have an increased reservoir of magic.
                  | (+10% MP) [potion of mutation]
 10888 | Volcano  | Gained mutation: Your tail ends in a venomous barb. [potion
                  | of mutation]
 10888 | Volcano  | Gained mutation: You have a pair of small horns on your
                  | head. [potion of mutation]
 10941 | Lair:1   | Reached skill level 7 in Shields
 11017 | Lair:1   | Reached skill level 8 in Shields
 11884 | Lair:2   | Reached skill level 9 in Shields
 11999 | Lair:2   | Noticed Urug
 12008 | Lair:2   | Killed Urug
 12025 | Lair:2   | You add the spells Olgreb's Toxic Radiance, Ignition and
                  | Discord to your library.
 12181 | Lair:2   | Reached ***** piety under Hepliaklqana
 12208 | Lair:2   | Reached skill level 10 in Shields
 12273 | Lair:2   | Found a hole to the Spider Nest.
 12742 | Lair:3   | Found a staircase to the Shoals.
 12854 | Lair:3   | Reached skill level 11 in Shields
 12861 | Lair:3   | Noticed an eight-headed hydra
 12867 | Lair:3   | Killed an eight-headed hydra
 13039 | Lair:3   | You pick up a book of Frost and begin reading...
 13039 | Lair:3   | You add the spells Freeze and Frozen Ramparts to your
                  | library.
 13061 | Lair:3   | Noticed Gastronok
 13070 | Lair:3   | Killed Gastronok
 13093 | Lair:3   | Reached skill level 12 in Shields
 13180 | Lair:3   | Reached XP level 13. HP: 92/92 MP: 17/17
 13648 | Lair:4   | Reached skill level 13 in Shields
 13870 | Lair:4   | Found a viscous altar of Jiyva.
 13871 | Lair:4   | Found a staircase to the Slime Pits.
 14014 | Lair:4   | Reached skill level 14 in Shields
 14570 | Lair:5   | Entered Level 5 of the Lair of Beasts
 14696 | Lair:5   | Noticed Josephine
 14703 | Lair:5   | Reached skill level 6 in Armour
 14703 | Lair:5   | Killed Josephine
 14761 | Lair:5   | Reached skill level 7 in Armour
 14857 | Lair:5   | Reached skill level 11 in Fighting
 14861 | Lair:5   | Reached skill level 8 in Armour
 15023 | Lair:5   | Reached ****** piety under Hepliaklqana
 15041 | Lair:5   | Reached skill level 9 in Armour
 15485 | Lair:5   | Reached XP level 14. HP: 79/101 MP: 18/18
 15659 | Lair:5   | Lost mutation: You have a pair of small horns on your head.
                  | [potion of mutation]
 15659 | Lair:5   | Lost mutation: You have an increased reservoir of magic.
                  | (+10% MP) [potion of mutation]
 15659 | Lair:5   | Lost mutation: You expend magic power (3 MP) to strengthen
                  | your wands. [potion of mutation]
 15659 | Lair:5   | Lost mutation: You are partially covered in iridescent
                  | scales. (AC +2) [potion of mutation]
 15659 | Lair:5   | Lost mutation: You are clumsy. (Dex -2) [potion of
                  | mutation]
 15659 | Lair:5   | Lost mutation: Your tail ends in a venomous barb. [potion
                  | of mutation]
 15659 | Lair:5   | Gained mutation: Your flesh is heat resistant. (rF+)
                  | [potion of mutation]
 15659 | Lair:5   | Gained mutation: You are vulnerable to cold. (rC-) [potion
                  | of mutation]
 15659 | Lair:5   | Gained mutation: Your flesh is very heat resistant. (rF++)
                  | [potion of mutation]
 15660 | Lair:5   | Lost mutation: Your flesh is very heat resistant. (rF++)
                  | [potion of mutation]
 15660 | Lair:5   | Lost mutation: Your flesh is heat resistant. (rF+) [potion
                  | of mutation]
 15660 | Lair:5   | Lost mutation: You are vulnerable to cold. (rC-) [potion of
                  | mutation]
 15660 | Lair:5   | Gained mutation: You occasionally lose the ability to read
                  | scrolls when taking damage. [potion of mutation]
 15660 | Lair:5   | Gained mutation: You are somewhat resistant to further
                  | mutation. [potion of mutation]
 15661 | Lair:5   | Lost mutation: You are somewhat resistant to further
                  | mutation. [potion of mutation]
 15661 | Lair:5   | Lost mutation: You occasionally lose the ability to read
                  | scrolls when taking damage. [potion of mutation]
 15661 | Lair:5   | Gained mutation: You are partially covered in iridescent
                  | scales. (AC +2) [potion of mutation]
 15661 | Lair:5   | Gained mutation: You have sharp toenails. [potion of
                  | mutation]
 15661 | Lair:5   | Gained mutation: Your muscles are strong. (Str +4, Int/Dex
                  | -1) [potion of mutation]
 15661 | Lair:5   | Lost mutation: Your muscles are strong. (Str +4, Int/Dex
                  | -1) [potion of mutation]
 15661 | Lair:5   | Gained mutation: You are weak. (Str -2) [potion of
                  | mutation]
 15661 | Lair:5   | Gained mutation: You passively dampen the noise of your
                  | surroundings. [potion of mutation]
 16188 | Orc:1    | Entered Level 1 of the Orcish Mines
 16482 | Orc:2    | Entered Level 2 of the Orcish Mines
 16538 | Orc:1    | Noticed an orc warlord
 16560 | Orc:2    | Found Gaxis's Book Emporium.
 16612 | Orc:2    | Found a staircase to the Elven Halls.
 16779 | Orc:2    | Found a transporter.
 16826 | Orc:2    | Found a transporter.
 16904 | Orc:2    | Noticed Donald
 16919 | Orc:2    | Killed Donald
 17053 | Orc:2    | Noticed MrCrawl's ghost (journeyman DrFE)
 17118 | Orc:2    | Reached skill level 10 in Armour
 17225 | Orc:2    | Reached skill level 12 in Fighting
 17363 | Orc:2    | Noticed an orc warlord
 17428 | Orc:2    | Killed an orc warlord
 17865 | Orc:2    | Reached skill level 13 in Fighting
 17886 | Orc:2    | Found Yheanib's Antique Armour Boutique.
 17889 | Orc:2    | Found Jyluwow's Antique Weapon Boutique.
 17891 | Orc:2    | Found Baoj's General Store.
 17891 | Orc:2    | Found Gutejob's Book Shop.
 18132 | Orc:2    | Killed MrCrawl's ghost
 18139 | Orc:2    | Got the ring "Moat" {Will+ Int+6 SInv}
 18147 | Orc:2    | Identified the +2 leather armour of Eceulell {rN+}
 18273 | Orc:2    | Bought a potion of mutation for 112 gold pieces
 18273 | Orc:2    | Bought a scroll of teleportation for 42 gold pieces
 18273 | Orc:2    | Lost mutation: You have sharp toenails. [potion of
                  | mutation]
 18273 | Orc:2    | Lost mutation: You passively dampen the noise of your
                  | surroundings. [potion of mutation]
 18273 | Orc:2    | Lost mutation: You are weak. (Str -2) [potion of mutation]
 18273 | Orc:2    | Lost mutation: You are partially covered in iridescent
                  | scales. (AC +2) [potion of mutation]
 18273 | Orc:2    | Gained mutation: Your health recovers twice as slowly from
                  | being drained. [potion of mutation]
 18273 | Orc:2    | Gained mutation: You are weak. (Str -2) [potion of
                  | mutation]
 18273 | Orc:2    | Gained mutation: You have a somewhat thin skeletal
                  | structure. (Dex +2, Stealth+) [potion of mutation]
 18274 | Orc:2    | Lost mutation: You have a somewhat thin skeletal structure.
                  | (Dex +2, Stealth+) [potion of mutation]
 18274 | Orc:2    | Lost mutation: Your health recovers twice as slowly from
                  | being drained. [potion of mutation]
 18274 | Orc:2    | Lost mutation: You are weak. (Str -2) [potion of mutation]
 18274 | Orc:2    | Gained mutation: Your body sometimes deteriorates upon
                  | taking damage. [potion of mutation]
 18274 | Orc:2    | Gained mutation: You occasionally shout uncontrollably at
                  | your foes. [potion of mutation]
 18274 | Orc:2    | Gained mutation: You are partially covered in iridescent
                  | scales. (AC +2) [potion of mutation]
 18275 | Orc:2    | Lost mutation: Your body sometimes deteriorates upon taking
                  | damage. [potion of mutation]
 18275 | Orc:2    | Lost mutation: You occasionally shout uncontrollably at
                  | your foes. [potion of mutation]
 18275 | Orc:2    | Lost mutation: You are partially covered in iridescent
                  | scales. (AC +2) [potion of mutation]
 18275 | Orc:2    | Gained mutation: You have a pair of small antennae on your
                  | head. [potion of mutation]
 18275 | Orc:2    | Gained mutation: Potions are less effective at restoring
                  | your health. [potion of mutation]
 18275 | Orc:2    | Gained mutation: You possess an exceptional clarity of
                  | mind. [potion of mutation]
 18544 | D:11     | You pick up a book of Storms and begin reading...
 18544 | D:11     | You add the spells Static Discharge, Airstrike and Summon
                  | Lightning Spire to your library.
 18622 | D:11     | You add the spells Sting and Poisonous Vapours to your
                  | library.
 19158 | D:11     | magus.rc [v1.9.6]
 19197 | D:12     | Found a frozen archway.
 19348 | IceCv    | Entered an ice cave
 19563 | IceCv    | Reached skill level 3 in Dodging
 19727 | IceCv    | Reached skill level 14 in Fighting
 20319 | IceCv    | Noticed a frost giant
 20332 | IceCv    | Reached skill level 4 in Dodging
 20342 | IceCv    | Killed a frost giant
 20583 | IceCv    | You pick up a book of the Tundra and begin reading...
 20666 | D:12     | Reached XP level 15. HP: 114/114 MP: 18/18
 21479 | D:13     | Reached skill level 5 in Dodging
 22354 | D:13     | Found a gate to the Vaults.
 22867 | D:14     | Identified the +10 short sword of False Hope {speed, Dex+3}
 23277 | D:15     | Entered Level 15 of the Dungeon
 23649 | D:15     | Reached skill level 15 in Maces & Flails
 23829 | D:15     | Found a staircase to the Depths.
 24403 | Lair:1   | magus.rc [v1.9.6]
 24451 | Spider:1 | Entered Level 1 of the Spider Nest
 24526 | Spider:1 | Identified the ring "Wyzyutio" {rPois rC- rN+ rCorr Int+6}
 25101 | Spider:1 | Reached skill level 16 in Maces & Flails
 25417 | Spider:1 | Noticed Mlioglotl
 25425 | Spider:1 | Killed Mlioglotl
 25426 | Spider:1 | Reached skill level 6 in Dodging
 26161 | Spider:2 | You pick up a book of Changes and begin reading...
 26161 | Spider:2 | You add the spells Wereblood and Irradiate to your library.
 26206 | Spider:2 | Noticed an emperor scorpion
 26449 | Spider:2 | Reached XP level 16. HP: 119/120 MP: 19/19
 26452 | Spider:2 | Reached skill level 7 in Dodging
 27078 | Spider:2 | Reached skill level 5 in Invocations
 27673 | Spider:2 | Identified a potion of experience
 27674 | Spider:2 | Reached skill level 9 in Dodging
 27674 | Spider:2 | Reached skill level 8 in Invocations
 27674 | Spider:2 | Reached XP level 17. HP: 126/126 MP: 20/23
 27674 | Spider:2 | Reached XP level 18. HP: 132/132 MP: 20/24
 27984 | Spider:3 | Noticed Arachne
 27991 | Spider:2 | Killed Arachne
 28366 | Spider:3 | Reached skill level 1 in Evocations
 28373 | Spider:3 | Noticed Louise
 28382 | Spider:3 | Killed Louise
 28495 | Spider:3 | Reached skill level 10 in Dodging
 28495 | Spider:3 | Reached skill level 2 in Evocations
 28572 | Spider:3 | Noticed Bai Suzhen
 28583 | Spider:3 | Reached skill level 3 in Evocations
 28585 | Spider:3 | Killed Bai Suzhen
 28586 | Spider:3 | Reached skill level 4 in Evocations
 28893 | Spider:3 | Reached skill level 5 in Evocations
 29188 | Spider:3 | Upgraded the game from 0.31-a0-1178-gc5c9b8f871 to
                  | 0.31-a0-1202-ga8fea8b373
 29188 | Spider:3 | magus.rc [v1.9.6]
 29214 | Spider:4 | Entered Level 4 of the Spider Nest
 29214 | Spider:4 | Noticed Nikola
 29233 | Spider:3 | Reached skill level 6 in Evocations
 29370 | Spider:4 | Noticed Mara
 29377 | Spider:4 | Noticed MackTheKnife's illusion
 29380 | Spider:4 | Killed Mara
 29392 | Spider:4 | Reached skill level 7 in Evocations
 30299 | Spider:4 | Reached skill level 8 in Evocations
 30333 | Spider:4 | Killed Nikola
 30339 | Spider:4 | Reached skill level 15 in Fighting
 30927 | Spider:4 | Reached XP level 19. HP: 120/141 MP: 25/25
 31191 | Spider:4 | Reached skill level 16 in Fighting
 31861 | Spider:4 | Got a gossamer rune of Zot
 32240 | Shoals:1 | Entered Level 1 of the Shoals
 32298 | Shoals:1 | You pick up a book of Air and begin reading...
 32298 | Shoals:1 | You add the spells Shock and Swiftness to your library.
 32644 | Shoals:1 | Identified the +1 scale mail of Ucaiq {rF++ Str+4 Slay-3}
 33071 | Shoals:2 | Reached skill level 17 in Fighting
 33301 | Shoals:2 | Found a runed translucent gate.
 33301 | Shoals:2 | Found a runed translucent gate.
 33301 | Shoals:2 | Found a runed translucent gate.
 33302 | Shoals:2 | Noticed hackum's ghost (adept OpGl)
 33419 | Shoals:2 | Found Wugg's Visitors' Centre.
 33424 | Shoals:2 | Found Wugg's Merfolk Magic.
 33424 | Shoals:2 | Found Wugg's Merfolk Armours.
 33580 | Shoals:2 | Bought a potion of enlightenment for 500 gold pieces
 33591 | Shoals:2 | Bought a lightning rod (4/4) for 480 gold pieces
 34454 | Shoals:3 | Reached skill level 18 in Fighting
 34735 | Shoals:3 | Noticed Polyphemus
 34742 | Shoals:3 | Killed Polyphemus
 34879 | Shoals:3 | Identified the ring of Eniumoa {Fly Int+6}
 34942 | Shoals:3 | Reached skill level 11 in Armour
 35290 | Shoals:4 | Entered Level 4 of the Shoals
 35572 | Elf:1    | Entered Level 1 of the Elven Halls
 35899 | Elf:1    | Noticed Frances
 35917 | Elf:1    | Killed Frances
 35918 | Elf:1    | Reached skill level 15 in Shields
 36069 | Elf:1    | Reached skill level 12 in Armour
 36146 | Elf:1    | magus.rc [v1.9.6]
 36354 | Elf:1    | Reached XP level 20. HP: 153/153 MP: 26/26
 36359 | Elf:1    | You add the spells Passwall, Petrify, Alistair's
                  | Intoxication and Eringya's Noxious Bog to your library.
 36359 | Elf:1    | Got the Octavo of Changing Your Life!
 37196 | Elf:2    | Reached skill level 13 in Armour
 37219 | Elf:2    | Reached skill level 16 in Shields
 37436 | Elf:2    | Found an ancient bone altar of Kikubaaqudgha.
 37462 | Elf:2    | HP: 10/153 [deep elf zephyrmancer/bolt of lightning (34)]
 37881 | Elf:2    | Identified the +0 pair of gloves "Yjynou" {Slay+2}
 37904 | Elf:2    | Found a runed translucent door.
 37905 | Elf:2    | Noticed Qitomiug's ghost (adept TrFi)
 38271 | Elf:2    | Found a runed translucent gate.
 38271 | Elf:2    | Found a runed translucent gate.
 38271 | Elf:2    | Found a runed translucent gate.
 38389 | Elf:2    | Killed Qitomiug's ghost
 38762 | Elf:2    | Reached skill level 19 in Fighting
 39413 | Elf:2    | Identified the blade talisman of Vexation {rC+ Will+ Int+3
                  | Dex+3}
 39531 | Elf:3    | Entered Level 3 of the Elven Halls
 39532 | Elf:3    | magus.rc [v1.9.6]
 39617 | Elf:3    | Found Isaeleco's Antique Armour Boutique.
 39959 | Elf:3    | Identified the +3 glaive "Qorch" {freeze, rF+ rCorr}
 40060 | Elf:3    | Lost mutation: Potions are less effective at restoring your
                  | health. [potion of mutation]
 40060 | Elf:3    | Lost mutation: You possess an exceptional clarity of mind.
                  | [potion of mutation]
 40060 | Elf:3    | Lost mutation: You have a pair of small antennae on your
                  | head. [potion of mutation]
 40060 | Elf:3    | Gained mutation: You passively dampen the noise of your
                  | surroundings. [potion of mutation]
 40060 | Elf:3    | Gained mutation: You have sharp fingernails. [potion of
                  | mutation]
 40060 | Elf:3    | Gained mutation: Your magical capacity is low. (-10% MP)
                  | [potion of mutation]
 40060 | Elf:3    | Gained mutation: You expend magic power (3 MP) to
                  | strengthen your wands. [potion of mutation]
 40060 | Elf:3    | Gained mutation: You occasionally lose the ability to read
                  | scrolls when taking damage. [potion of mutation]
 40060 | Elf:3    | Gained mutation: You possess an exceptional clarity of
                  | mind. [potion of mutation]
 40061 | Elf:3    | Lost mutation: You have sharp fingernails. [potion of
                  | mutation]
 40061 | Elf:3    | Lost mutation: You passively dampen the noise of your
                  | surroundings. [potion of mutation]
 40061 | Elf:3    | Lost mutation: You expend magic power (3 MP) to strengthen
                  | your wands. [potion of mutation]
 40061 | Elf:3    | Lost mutation: You occasionally lose the ability to read
                  | scrolls when taking damage. [potion of mutation]
 40061 | Elf:3    | Lost mutation: You possess an exceptional clarity of mind.
                  | [potion of mutation]
 40061 | Elf:3    | Lost mutation: Your magical capacity is low. (-10% MP)
                  | [potion of mutation]
 40061 | Elf:3    | Gained mutation: You have large cloven feet. [potion of
                  | mutation]
 40061 | Elf:3    | Gained mutation: You are agile. (Dex +4, Str/Int -1)
                  | [potion of mutation]
 40061 | Elf:3    | Gained mutation: You have a pair of small horns on your
                  | head. [potion of mutation]
 40061 | Elf:3    | Gained mutation: You are vulnerable to heat. (rF-) [potion
                  | of mutation]
 40061 | Elf:3    | Gained mutation: Your spells are a little harder to cast,
                  | but a little more powerful. [potion of mutation]
 40062 | Elf:3    | Lost mutation: You have large cloven feet. [potion of
                  | mutation]
 40062 | Elf:3    | Lost mutation: You are agile. (Dex +4, Str/Int -1) [potion
                  | of mutation]
 40062 | Elf:3    | Lost mutation: Your spells are a little harder to cast, but
                  | a little more powerful. [potion of mutation]
 40062 | Elf:3    | Lost mutation: You have a pair of small horns on your head.
                  | [potion of mutation]
 40062 | Elf:3    | Lost mutation: You are vulnerable to heat. (rF-) [potion of
                  | mutation]
 40062 | Elf:3    | Gained mutation: Your body sometimes deteriorates upon
                  | taking damage. [potion of mutation]
 40062 | Elf:3    | Gained mutation: You are robust. (+10% HP) [potion of
                  | mutation]
 40349 | Elf:3    | Reached skill level 20 in Fighting
 40423 | Elf:3    | a deep elf zephyrmancer comes into view. It is wielding the
                  | +7 great mace "Undeadhunter" {deathbane, rN+} and carrying
                  | a wand of charming.
 40438 | Elf:3    | Here: a deep elf zephyrmancer, wielding the +7 great mace
                  | "Undeadhunter" {deathbane, rN+} and carrying a wand of
                  | charming (ally target)
 40629 | Elf:3    | You pick up a book of Blasting and begin reading...
 40629 | Elf:3    | You add the spells Volatile Blastmotes, Fulminant Prism and
                  | Iskenderun's Mystic Blast to your library.
 40875 | Elf:3    | Identified the amulet of Woomouci {RegenMP rPois Will++
                  | Str+3}
 40876 | Elf:3    | Identified the +5 great sword of Big Damage {flame, +Blink}
 40876 | Elf:3    | Identified the ring of Okawaru's Delight {rF+ rN+ rCorr
                  | Slay+4}
 40876 | Elf:3    | A deep elf sorcerer is wielding the +5 great sword of Big
                  | Damage {flame, +Blink}, wearing the +3 robe of Clouds
                  | {*Thunder rCloud rElec} and wearing the ring of Okawaru's
                  | Delight {rF+ rN+ rCorr Slay+4}.
 40896 | Elf:3    | Aim: a deep elf sorcerer, wielding the +5 great sword of
                  | Big Damage {flame, +Blink}, wearing the +3 robe of Clouds
                  | {*Thunder rCloud rElec} and wearing the ring of Okawaru's
                  | Delight {rF+ rN+ rCorr Slay+4} (fast)
 40897 | Elf:3    | Aim: a deep elf sorcerer, wielding the +5 great sword of
                  | Big Damage {flame, +Blink}, wearing the +3 robe of Clouds
                  | {*Thunder rCloud rElec} and wearing the ring of Okawaru's
                  | Delight {rF+ rN+ rCorr Slay+4} (lightly wounded, fast)
 40897 | Elf:3    | Aim: a deep elf sorcerer, wielding the +5 great sword of
                  | Big Damage {flame, +Blink}, wearing the +3 robe of Clouds
                  | {*Thunder rCloud rElec} and wearing the ring of Okawaru's
                  | Delight {rF+ rN+ rCorr Slay+4} (lightly wounded, fast)
 40897 | Elf:3    | Aim: a deep elf sorcerer, wielding the +5 great sword of
                  | Big Damage {flame, +Blink}, wearing the +3 robe of Clouds
                  | {*Thunder rCloud rElec} and wearing the ring of Okawaru's
                  | Delight {rF+ rN+ rCorr Slay+4} (lightly wounded, fast, 64%
                  | to hit)
 40897 | Elf:3    | Aim: a deep elf sorcerer, wielding the +5 great sword of
                  | Big Damage {flame, +Blink}, wearing the +3 robe of Clouds
                  | {*Thunder rCloud rElec} and wearing the ring of Okawaru's
                  | Delight {rF+ rN+ rCorr Slay+4} (lightly wounded, fast, 64%
                  | to hit)
 40902 | Elf:3    | Identified the +7 gold dragon scales "Wiheuhu" {-Cast rPois
                  | rF+ rC+ Regen+ SInv}
 40917 | Elf:3    | HP: 35/176 [deep elf master archer/arrow (25)]
 41317 | Elf:3    | M - the +7 gold dragon scales "Wiheuhu" {-Cast rPois rF+
                  | rC+ Regen+ SInv, rare}
 41334 | Elf:2    | You finish putting on the +7 gold dragon scales "Wiheuhu"
                  | {-Cast rPois rF+ rC+ Regen+ SInv, rare}.
 41822 | Elf:3    | Identified the +5 long sword "Arorim" {heavy, Fly rN++
                  | Int-4 Dex+2}
 41822 | Elf:3    | Identified the amulet "Zuteufigh" {Faith Harm rF+ Int+2
                  | Dex+2}
 41833 | Elf:3    | Reached skill level 14 in Armour
 41835 | Elf:3    | Reached XP level 21. HP: 149/183 MP: 27/27
 41941 | Elf:3    | You add the spells Ozocubu's Armour and Ozocubu's
                  | Refrigeration to your library.
 41946 | Elf:3    | You add the spells Iskenderun's Battlesphere and
                  | Spellforged Servitor to your library.
 41946 | Elf:3    | Got the Folio of the Shot
 41994 | Elf:3    | You add the spells Slow, Ensorcelled Hibernation, Inner
                  | Flame, Cause Fear and Enfeeble to your library.
 41994 | Elf:3    | Got the Elucidation of Wildfire and Guile
 41996 | Elf:3    | Identified the staff "Qyin" {rElec SInv Conj Air}
 42004 | Elf:3    | You pick up a book of Conjurations {@e2} and begin
                  | reading...
 42004 | Elf:3    | You add the spells Magic Dart and Searing Ray to your
                  | library.
 42446 | Vaults:1 | Entered Level 1 of the Vaults
 42501 | Vaults:1 | Reached skill level 15 in Armour
 42516 | Vaults:1 | Noticed Zenata
 42521 | Vaults:1 | Killed Zenata
 42578 | Vaults:1 | You pick up a book of Flames and begin reading...
 42578 | Vaults:1 | You add the spells Sticky Flame and Flame Wave to your
                  | library.
 42710 | Vaults:1 | Identified a scroll of acquirement
 42711 | Vaults:1 | Acquired the +3 kite shield "Riextarch" {Int+3 SInv}
 42867 | Vaults:1 | Reached skill level 16 in Armour
 42937 | Vaults:1 | Identified the +10 broad axe "Jiocyfin" {pain, +Blink Will+
                  | Int+2 Dex+2}
 43620 | Vaults:1 | magus.rc [v1.9.6]
 43743 | Vaults:2 | Reached skill level 17 in Armour
 43797 | Vaults:2 | Found Kajatuf's Jewellery Shoppe.
 44023 | Vaults:2 | Found a large runed translucent door.
 44024 | Vaults:2 | Found a large runed translucent door.
 44024 | Vaults:2 | Found a large runed translucent door.
 44024 | Vaults:2 | Found a large runed translucent door.
 44024 | Vaults:2 | Noticed Ukhlin's ghost (adept DsMo)
 44025 | Vaults:2 | Found a large runed translucent door.
 44025 | Vaults:2 | Found a large runed translucent door.
 44026 | Vaults:2 | Found a large runed translucent door.
 44026 | Vaults:2 | Found a large runed translucent door.
 44067 | Vaults:2 | Reached skill level 18 in Armour
 44146 | Vaults:2 | Found a staircase to the Crypt.
 44548 | Vaults:2 | Reached skill level 19 in Armour
 44787 | Vaults:2 | Killed Ukhlin's ghost
 44928 | Vaults:3 | Reached skill level 20 in Armour
 45236 | Vaults:3 | Reached XP level 22. HP: 190/190 MP: 28/28
 45316 | Vaults:3 | Acquired 536 gold pieces
 45756 | Vaults:3 | Noticed Xtahua
 45764 | Vaults:3 | Killed Xtahua
 46128 | Vaults:4 | Reached skill level 21 in Armour
 46219 | Vaults:4 | You pick up a book of the Tundra and begin reading...
 46361 | Vaults:4 | Noticed Jory
 46370 | Vaults:4 | Killed Jory
 46550 | Vaults:4 | Identified the ring of Wodgh {Fly rF+ rN+ Dex+3}
 47101 | Vaults:4 | Reached skill level 21 in Fighting
 47717 | Depths:1 | Entered Level 1 of the Depths
 47800 | Depths:1 | Noticed Norris
 47817 | Depths:1 | Killed Norris
 47829 | Depths:1 | Reached skill level 22 in Armour
 47832 | Depths:1 | Found a glowing golden altar of the Shining One.
 47918 | Depths:1 | You are sucked into a shaft and drop 1 floor!
 47965 | Depths:2 | Found a one-way gate to the infinite horrors of the Abyss.
 48015 | Depths:2 | Found a gateway to Hell.
 48147 | Depths:2 | Found a one-way gate leading to the halls of Pandemonium.
 48160 | Depths:2 | Found a one-way gateway to a ziggurat.
 48267 | Depths:1 | You add the spells Tukima's Dance, Passage of Golubria and
                  | Yara's Violent Unravelling to your library.
 48716 | Depths:1 | Found an ornate altar of the Wu Jian Council.
 48969 | Depths:2 | Reached XP level 23. HP: 187/202 MP: 29/29
 49038 | Depths:2 | Reached skill level 23 in Armour
 49086 | Depths:2 | Reached skill level 22 in Fighting
 49132 | Depths:2 | You pick up a book of Minor Magic and begin reading...
 49132 | Depths:2 | You add the spells Call Imp and Mephitic Cloud to your
                  | library.
 50057 | Depths:3 | Identified +0 gold dragon scales
 50471 | Depths:4 | Entered Level 4 of the Depths
 50524 | Depths:4 | Reached skill level 24 in Armour
 50631 | Depths:4 | Found an opulent altar of Gozag.
 50723 | Depths:4 | You add the spells Summon Forest and Summon Hydra to your
                  | library.
 50930 | Depths:4 | You pick up a book of Changes and begin reading...
 51092 | Depths:4 | Reached skill level 23 in Fighting
 51298 | Depths:4 | Found a gate to the Realm of Zot.
 51615 | Vaults:4 | magus.rc [v1.9.6]
 51630 | Vaults:5 | Entered Level 5 of the Vaults
 51773 | Vaults:5 | Reached XP level 24. HP: 216/216 MP: 26/29
 51777 | Vaults:5 | Reached skill level 24 in Fighting
 52022 | Vaults:5 | Identified the ring "Ikyan" {rPois rF- EV+5 Str+5}
 52089 | Vaults:5 | Identified +0 gold dragon scales
 52275 | Vaults:5 | Noticed a dread lich
 52290 | Vaults:5 | Reached skill level 17 in Maces & Flails
 52432 | Vaults:5 | Killed a dread lich
 52455 | Vaults:5 | You are cast into the Abyss!
 52455 | Abyss:3  | Cast into level 3 of the Abyss (ironbound preserver)
 52586 | Abyss:3  | Got an abyssal rune of Zot
 52766 | Abyss:3  | Lost mutation: You are robust. (+10% HP) [a neqoxec]
 52781 | Abyss:3  | Gained mutation: You are occasionally teleported next to
                  | monsters. [a neqoxec]
 52820 | Vaults:5 | You pass through the gate.
 52820 | Vaults:5 | Escaped the Abyss
 52834 | Vaults:5 | Lost mutation: Your body sometimes deteriorates upon taking
                  | damage. [potion of mutation]
 52834 | Vaults:5 | Lost mutation: You are occasionally teleported next to
                  | monsters. [potion of mutation]
 52834 | Vaults:5 | Gained mutation: You are partially covered in iridescent
                  | scales. (AC +2) [potion of mutation]
 52834 | Vaults:5 | Gained mutation: Your body sometimes deteriorates upon
                  | taking damage. [potion of mutation]
 52834 | Vaults:5 | Gained mutation: You are clumsy. (Dex -2) [potion of
                  | mutation]
 52834 | Vaults:5 | Gained mutation: You occasionally lose the ability to read
                  | scrolls when taking damage. [potion of mutation]
 52834 | Vaults:5 | Gained mutation: You have large cloven feet. [potion of
                  | mutation]
 52835 | Vaults:5 | Lost mutation: Your body sometimes deteriorates upon taking
                  | damage. [potion of mutation]
 52835 | Vaults:5 | Lost mutation: You have large cloven feet. [potion of
                  | mutation]
 52835 | Vaults:5 | Lost mutation: You occasionally lose the ability to read
                  | scrolls when taking damage. [potion of mutation]
 52835 | Vaults:5 | Lost mutation: You are clumsy. (Dex -2) [potion of
                  | mutation]
 52835 | Vaults:5 | Lost mutation: You are partially covered in iridescent
                  | scales. (AC +2) [potion of mutation]
 52835 | Vaults:5 | Gained mutation: Your mind is acute. (Int +4, Str/Dex -1)
                  | [potion of mutation]
 52835 | Vaults:5 | Gained mutation: You occasionally lose the ability to read
                  | scrolls when taking damage. [potion of mutation]
 52835 | Vaults:5 | Gained mutation: You expend magic power (3 MP) to
                  | strengthen your wands. [potion of mutation]
 52835 | Vaults:5 | Gained mutation: Your magical capacity is low. (-10% MP)
                  | [potion of mutation]
 52835 | Vaults:5 | Gained mutation: You have hidden genetic potential. [potion
                  | of mutation]
 52835 | Vaults:5 | Gained mutation: You are robust. (+10% HP) [potion of
                  | mutation]
 52835 | Vaults:5 | Gained mutation: You are resistant to electric shocks.
                  | (rElec) [potion of mutation]
 52836 | Vaults:5 | Lost mutation: Your magical capacity is low. (-10% MP)
                  | [potion of mutation]
 52836 | Vaults:5 | Lost mutation: You are resistant to electric shocks.
                  | (rElec) [potion of mutation]
 52836 | Vaults:5 | Lost mutation: You have hidden genetic potential. [potion
                  | of mutation]
 52836 | Vaults:5 | Lost mutation: You occasionally lose the ability to read
                  | scrolls when taking damage. [potion of mutation]
 52836 | Vaults:5 | Gained mutation: You are very robust. (+20% HP) [potion of
                  | mutation]
 52836 | Vaults:5 | Gained mutation: You occasionally lose the ability to read
                  | scrolls when taking damage. [potion of mutation]
 52836 | Vaults:5 | Gained mutation: You sometimes lose the ability to read
                  | scrolls when taking damage. [potion of mutation]
 52836 | Vaults:5 | Gained mutation: Your system is resistant to poisons.
                  | (rPois) [potion of mutation]
 52837 | Vaults:5 | Lost mutation: Your mind is acute. (Int +4, Str/Dex -1)
                  | [potion of mutation]
 52837 | Vaults:5 | Lost mutation: Your system is resistant to poisons. (rPois)
                  | [potion of mutation]
 52837 | Vaults:5 | Lost mutation: You are very robust. (+20% HP) [potion of
                  | mutation]
 52837 | Vaults:5 | Lost mutation: You are robust. (+10% HP) [potion of
                  | mutation]
 52837 | Vaults:5 | Gained mutation: You have hidden genetic defects. [potion
                  | of mutation]
 52837 | Vaults:5 | Gained mutation: Your tail ends in a venomous barb. [potion
                  | of mutation]
 52849 | Vaults:5 | You pick up a book of Winter and begin reading...
 52850 | Vaults:5 | Identified the staff "Ogreslayer" {+Blink rC+ Will- rCorr
                  | Stlth- Ice}
 52926 | Vaults:5 | Reached skill level 18 in Maces & Flails
 52970 | Vaults:5 | Noticed an ancient lich
 52979 | Vaults:5 | Killed an ancient lich
 52989 | Vaults:5 | Noticed Saint Roka
 53001 | Vaults:5 | Got a silver rune of Zot
 53389 | Zot:1    | Entered Level 1 of the Realm of Zot
 53474 | Zot:3    | Noticed Grunn
 53520 | Zot:5    | Entered Level 5 of the Realm of Zot
 53538 | Zot:5    | Noticed a curse toe
 53659 | Zot:5    | Killed a curse toe
 53668 | Zot:5    | Gained mutation: Your spells are a little easier to cast,
                  | but a little less powerful. [hidden defects]
 53704 | Zot:5    | Reached skill level 19 in Maces & Flails
 54070 | Zot:5    | Noticed a dread lich
 54079 | Zot:5    | Noticed an orb of fire
 54079 | Zot:5    | Noticed an orb of fire
 54079 | Zot:5    | Noticed a Killer Klown
 54140 | Zot:5    | Gained mutation: Your mind is acute. (Int +4, Str/Dex -1)
                  | [an orb of fire]
 54144 | Zot:5    | Gained mutation: Your magical capacity is low. (-10% MP)
                  | [an orb of fire]
 54150 | Zot:5    | Lost mutation: Your mind is acute. (Int +4, Str/Dex -1) [an
                  | orb of fire]
 54152 | Zot:5    | Killed an orb of fire
 54170 | Zot:5    | Noticed an ancient lich
 54181 | Zot:5    | Killed an ancient lich
 54182 | Zot:5    | Gained mutation: You are occasionally teleported next to
                  | monsters. [hidden defects]
 54182 | Zot:5    | Lost mutation: You have hidden genetic defects. [hidden
                  | defects expressed]
 54190 | Zot:5    | Reached skill level 20 in Maces & Flails
 54200 | Zot:5    | Noticed a Killer Klown
 54200 | Zot:5    | Noticed a Killer Klown
 54200 | Zot:5    | Noticed a Killer Klown
 54214 | Zot:5    | Noticed a Killer Klown
 54232 | Zot:5    | Killed a Killer Klown
 54233 | Zot:5    | Reached XP level 25. HP: 200/200 MP: 26/26
 54241 | Zot:5    | Killed a Killer Klown
 54245 | Zot:5    | Killed a Killer Klown
 54260 | Zot:5    | Noticed an electric golem
 54263 | Zot:5    | Noticed an orb of fire
 54265 | Zot:5    | Killed a Killer Klown
 54266 | Zot:5    | Noticed an ancient lich
 54269 | Zot:5    | Gained mutation: You occasionally lose the ability to drink
                  | potions when taking damage. [an orb of fire]
 54270 | Zot:5    | Gained mutation: You have hidden genetic defects. [an orb
                  | of fire]
 54279 | Zot:5    | Killed an ancient lich
 54283 | Zot:5    | Gained mutation: You are often teleported next to monsters.
                  | [an orb of fire]
 54291 | Zot:5    | Killed an orb of fire
 54292 | Zot:5    | Reached skill level 25 in Armour
 54293 | Zot:5    | Killed an electric golem
 54348 | Zot:5    | magus.rc [v1.9.6]
 54380 | Zot:5    | Got the Orb of Zot
 54421 | Zot:5    | Noticed an electric golem
 54424 | Zot:5    | Noticed an ancient lich
 54425 | Zot:5    | Noticed an orb of fire
 54429 | Zot:5    | Noticed a Killer Klown
 54475 | Zot:5    | Killed an orb of fire
 54504 | Zot:4    | Gained mutation: You are weak. (Str -2) [hidden defects]
 54585 | Depths:4 | Reached skill level 26 in Armour
 55077 | D:$      | Escaped with the Orb!

Vanquished Creatures
  A dread lich (Vaults:5)
  3 ancient liches
  3 orbs of fire (Zot:5)
  Bai Suzhen (Spider:3)
  3 Killer Klowns (Zot:5)
  A golden dragon (Depths:3)
  Jory (Vaults:4)
  An electric golem (Zot:5)
  The ghost of Ukhlin the Fencer, an adept DsMo of Wu Jian (Vaults:2)
  Mlioglotl (Spider:1)
  An Ice Fiend (Depths:4)
  17 Orb Guardians (Zot:5)
  A walking divine tome (Depths:3)
  A tentacled monstrosity (Depths:2)
  A quicksilver dragon (Zot:5)
  A lich (Depths:2)
  A walking earthen tome (Depths:2)
  A deep elf blademaster (Elf:3)
  A titan (Vaults:5)
  2 death cobs (Zot:5)
  A tentacled starspawn (Abyss:3)
  An Executioner (Depths:4)
  8 sphinxes
  Gastronok (Lair:3)
  5 tengu reavers
  5 storm dragons
  A nagaraja (Abyss:3)
  2 draconian monks (Zot:5)
  5 fire giants
  A draconian scorcher (Zot:5)
  8 deep elf sorcerers
  5 deep elf elementalists (Elf:3)
  2 ghost moths
  5 orc warlords
  8 frost giants
  2 draconian shifters (Zot:5)
  Louise (Spider:3)
  An iron dragon (Depths:4)
  8 vault wardens
  4 emperor scorpions
  11 ironbound preservers
  3 broodmothers
  A formless jellyfish (Vaults:4)
  A cacodemon (Depths:2)
  A demonspawn blood saint (Depths:4)
  A spriggan defender (Depths:2)
  A draconian annihilator (Zot:5)
  11 very ugly things
  A demonspawn corrupter (Depths:2)
  3 war gargoyles
  11 stone giants
  3 ironbound thunderhulks
  5 deep elf demonologists
  A vampire knight (Depths:2)
  A lorocyproca (Depths:2)
  7 deep elf annihilators
  2 green draconians (Zot:5)
  5 black draconians
  A yellow draconian (Zot:5)
  A purple draconian (Zot:5)
  A demonspawn black sun (Depths:4)
  6 dire elephants (Vaults:2)
  2 red draconians
  2 white draconians
  6 spark wasps
  A blizzard demon (Depths:4)
  A merfolk javelineer (Shoals:2)
  6 fire dragons
  An entropy weaver (shapeshifter) (D:14)
  8 deep elf death magi
  4 ettins
  A crystal guardian (Vaults:2)
  13 yaktaur captains
  2 entropy weavers
  6 great orbs of eyes
  4 deep elf high priests
  3 rakshasas (Depths:2)
  28 vault guards
  4 ice dragons
  A hell beast (Depths:4)
  5 hydras
  4 centaur warriors (Vaults:1)
  A merfolk avatar (Lair:5)
  3 ironbound frosthearts
  4 peacekeepers
  5 spriggan air magi
  2 radroaches
  2 ogre magi
  A two-headed ogre (shapeshifter) (Vaults:5)
  5 boulder beetles
  20 dancing weapons
  3 two-headed ogres
  2 deep troll shamans (Depths:2)
  3 deep troll earth magi
  6 death yaks
  A satyr (Shoals:3)
  A tengu warrior (Depths:1)
  A hell hog (Depths:4)
  5 spriggan berserkers
  A spriggan (Depths:4)
  3 vampire magi
  4 orc high priests
  An occultist (Depths:2)
  2 hell knights
  10 deep elf knights
  11 demonic crawlers
  A spectral spark wasp (Depths:4)
  An iron troll (Depths:1)
  A wretched star (Abyss:3)
  5 pharaoh ants
  5 skysharks
  29 deep trolls
  A flayed ghost (Depths:2)
  A glowing orange brain (shapeshifter) (Vaults:5)
  2 glowing orange brains
  5 orb spiders
  8 lindwurms
  5 sea snakes
  5 deep elf archers
  12 orc knights
  5 arcanists
  2 phantasmal warriors
  7 ironbound convokers
  4 steelbarb worms
  21 deep elf pyromancers
  10 harpies
  17 deep elf zephyrmancers
  4 necromancers
  4 orc sorcerers
  15 wolf spiders
  An oklob plant (Shoals:1)
  2 worldbinders (Abyss:3)
  20 ugly things
  2 fauns (Shoals:3)
  2 salamanders (Volcano)
  4 cyclopes
  3 manticores
  4 black mambas
  2 merfolk sirens
  A rust devil (Zot:5)
  9 moths of wrath
  An apocalypse crab (Abyss:3)
  3 water nymphs
  9 vault sentinels
  A smoke demon (Abyss:3)
  2 gargoyles (D:13)
  A water nymph (shapeshifter) (Vaults:5)
  9 cane toads
  3 torpor snails
  4 large abominations
  6 komodo dragons
  3 efreet
  16 yaktaurs
  An unseen horror zombie (D:9)
  2 hellions (Abyss:3)
  2 tengu conjurers
  A freezing wraith (Vaults:2)
  2 rime drakes (Lair:5)
  2 ice devils (D:12)
  An ancient zyme (Abyss:3)
  4 trolls
  11 merfolk
  3 wind drakes
  4 meliai
  11 polar bears
  18 blink frogs
  Grinder (D:6)
  2 hellwings (Depths:2)
  A hornet (Depths:4)
  A snapping turtle (shapeshifter) (Depths:4)
  6 snapping turtles
  2 dream sheep (Lair:4)
  2 raiju (Abyss:3)
  19 tarantellas
  12 jumping spiders
  21 culicivoras
  6 slime creatures
  An air elemental (Elf:2)
  3 shadows
  5 water elementals
  Sigmund (D:3)
  6 wyverns
  A yak (shapeshifter) (Elf:1)
  A culicivora (shapeshifter) (D:14)
  A battlemage (Elf:1)
  4 basilisks
  6 wraiths
  5 neqoxecs
  35 yaks
  A fire elemental (Elf:2)
  31 redbacks
  2 vampire mosquitoes (D:15)
  A warg (Orc:2)
  A sea snake simulacrum (Shoals:2)
  2 acid dragons (D:9)
  3 hell hounds
  A spectral snapping turtle (Shoals:2)
  13 water moccasins
  2 ice beasts
  20 orc warriors
  An ogre (Orc:2)
  2 black bears
  A sky beast (D:7)
  A merfolk simulacrum (Shoals:2)
  A small abomination (Abyss:3)
  32 wolves
  10 centaurs
  A tengu (shapeshifter) (Depths:2)
  A wind drake simulacrum (Shoals:2)
  Blork the orc (D:6)
  4 kobold brigands
  4 gnoll sergeants
  7 bullfrogs
  2 brain worms (Abyss:3)
  3 scorpions
  9 wights
  2 manticore simulacra (Shoals:2)
  An electric eel (Lair:4)
  4 howler monkeys
  4 centaur zombies
  A human zombie (D:9)
  4 jellies
  16 orc priests
  3 hounds (D:7)
  3 quasits
  A gnoll bouda (D:8)
  An iron imp (D:10)
  10 starcursed masses (Abyss:3)
  14 orc wizards
  A sleepcap (D:8)
  3 iguanas
  2 mummies
  A howler monkey zombie (D:9)
  7 gnolls
  9 adders
  2 shadow imps
  A white imp (D:7)
  5 ufetubi
  2 worms
  4 dart slugs
  56 orcs
  9 endoplasms
  11 giant cockroaches
  6 goblins
  9 hobgoblins
  9 jackals
  17 kobolds
  3 quokkas
  6 ball pythons
  5 bats
  4 frilled lizards
  5 rats
1274 creatures vanquished.

Vanquished Creatures (collateral kills)
  Mara (Spider:4)
  A Killer Klown (Zot:5)
  Xtahua (Vaults:3)
  A curse toe (Zot:5)
  3 golden dragons
  Nikola (Spider:4)
  Norris (Depths:1)
  Arachne (Spider:2)
  2 tentacled monstrosities
  Zenata (Vaults:1)
  6 Orb Guardians (Zot:5)
  A walking divine tome (Depths:2)
  2 deep elf master archers (Elf:3)
  2 quicksilver dragons (Vaults:5)
  The ghost of Qitomiug the Brawler, an adept TrFi of Okawaru (Elf:2)
  A titan (Vaults:5)
  A deep elf blademaster (Elf:3)
  A sphinx (Vaults:3)
  Frances (Elf:1)
  2 Executioners
  A tentacled starspawn (Abyss:3)
  3 tengu reavers
  Polyphemus (Shoals:3)
  Donald (Orc:2)
  A storm dragon (Vaults:5)
  3 fire giants
  A demonspawn warmonger (Zot:5)
  A daeva (Zot:5)
  4 shadow dragons
  A frost giant (Depths:2)
  2 vault wardens
  A draconian scorcher (Zot:5)
  5 emperor scorpions
  2 draconian knights (Depths:4)
  A ghost moth (Spider:4)
  2 deep elf sorcerers (Elf:3)
  3 draconian shifters
  A deep elf elementalist (Elf:3)
  A war gargoyle (Depths:4)
  2 draconian annihilators (Zot:5)
  8 stone giants
  9 very ugly things
  5 ironbound thunderhulks
  5 ironbound preservers
  A broodmother (Spider:3)
  2 vampire knights (Depths:3)
  A purple draconian (Zot:5)
  3 deep elf annihilators
  2 deep elf demonologists
  4 white draconians
  3 dire elephants
  4 spark wasps
  A red draconian (Zot:5)
  2 deep elf death magi
  A merfolk impaler (Shoals:2)
  3 ettins
  4 merfolk javelineers
  A crystal guardian (Vaults:3)
  Harold (D:9)
  6 fire dragons
  Josephine (Lair:5)
  A deep elf high priest (Vaults:5)
  6 yaktaur captains
  The ghost of MrCrawl the Arsonist, a journeyman DrFE of Vehumet (Orc:2)
  An entropy weaver (Vaults:3)
  4 ice dragons
  A hydra (D:14)
  2 great orbs of eyes
  9 vault guards
  7 centaur warriors
  A merfolk avatar (Shoals:3)
  4 rakshasas
  A catoblepas (Shoals:3)
  2 ironbound frosthearts
  2 jorogumos
  An alligator snapping turtle (Shoals:2)
  An ogre mage (Vaults:5)
  3 two-headed ogres
  Erica (D:10)
  9 dancing weapons
  A radroach (Spider:2)
  4 boulder beetles
  3 death yaks
  2 deep troll earth magi (Depths:2)
  2 thrashing horrors (Abyss:3)
  4 satyrs
  An orc high priest (Vaults:4)
  2 demonic crawlers
  Urug (Lair:2)
  A spriggan berserker (Depths:2)
  A starcursed mass (Abyss:3)
  A sun demon (Depths:2)
  3 hell knights (Depths:1)
  6 deep elf knights
  11 skysharks
  3 pharaoh ants (Spider:4)
  6 sea snakes
  10 deep trolls
  A glowing orange brain (Depths:1)
  3 orb spiders (Spider:4)
  6 slime creatures
  3 steelbarb worms
  5 arcanists
  3 orc knights
  9 deep elf archers
  15 deep elf pyromancers
  7 ironbound convokers
  14 harpies
  3 phantasmal warriors
  2 lindwurms
  6 wolf spiders
  12 deep elf zephyrmancers
  2 orc sorcerers
  An oklob plant (Shoals:1)
  A cyclops (D:12)
  9 fauns
  9 ugly things
  3 manticores
  A merfolk siren (Shoals:1)
  6 moths of wrath
  2 water nymphs
  A black mamba (Lair:3)
  A water nymph (shapeshifter) (Vaults:5)
  2 smoke demons
  An apocalypse crab (Abyss:3)
  7 vault sentinels
  A large abomination (Depths:2)
  2 cane toads
  An ice statue (IceCv)
  Maggie (D:9)
  An unseen horror (D:10)
  An unseen horror zombie (D:9)
  4 komodo dragons
  8 yaktaurs
  A torpor snail (Spider:4)
  An efreet (Abyss:3)
  An ice devil (D:10)
  A spectral merfolk (Shoals:2)
  A freezing wraith (Vaults:5)
  A troll (Orc:2)
  3 hellwings
  2 meliai
  10 tarantellas
  A wind drake (Shoals:1)
  7 merfolk
  2 polar bears (IceCv)
  A raiju (Abyss:3)
  2 dream sheep (Lair:4)
  6 blink frogs
  2 snapping turtles
  5 culicivoras
  16 jumping spiders
  3 water elementals
  17 yaks
  A small abomination (Abyss:3)
  3 wraiths
  A shadow (D:13)
  2 wyverns
  2 fire bats (Volcano)
  A basilisk (Lair:2)
  3 neqoxecs
  A fire elemental (Elf:3)
  A vampire mosquito (D:15)
  A sea snake simulacrum (Shoals:2)
  Menkaure (D:7)
  A chaos spawn (Abyss:3)
  12 redbacks
  4 hell hounds
  3 water moccasins
  8 orc warriors
  A sky beast (D:7)
  A centaur (D:7)
  2 ogres
  A phantom (D:6)
  11 wolves
  3 kobold brigands
  2 bullfrogs
  A necrophage (D:9)
  An earth elemental (Elf:3)
  A wight (D:9)
  An electric eel (Spider:4)
  3 howler monkeys
  A crimson imp (D:10)
  2 quasits (Orc:2)
  3 orc priests
  An iron imp (Abyss:3)
  15 orc wizards
  2 gnolls
  An adder (D:6)
  2 white imps (D:7)
  A worm (Lair:2)
  23 orcs
  7 kobolds
622 creatures vanquished.

Vanquished Creatures (others)
  A dancing weapon (Elf:2)
  A pharaoh ant (Spider:4)
  An orb spider (Spider:4)
  2 tarantellas (Spider:4)
  A jumping spider (Spider:4)
  2 culicivoras (Spider:2)
  3 redbacks (Spider:4)
  A human (D:9)
  40 battlemagi
  4 ancestors (D:6)
  A kobold (D:7)
  A lurking horror (Abyss:3)
  5 spectral weapons
  2 starspawn tentacles (Abyss:3)
65 creatures vanquished.

Grand Total: 1961 creatures vanquished

Table legend:
 A = Non-vault XP
 B = Vault XP
 C = Vault XP percentage of total XP
 D = Non-vault monster count
 E = Vault monster count
 F = Vault count percentage of total count
                 A         B        C        D         E       F
            +---------+---------+-------+---------+---------+-------
      Total |  529522 |  531318 |  50.1 |    1159 |     715 |  38.2
            +---------+---------+-------+---------+---------+-------
        D:1 |      28 |       0 |   0.0 |      16 |       0 |   0.0
        D:2 |     101 |       0 |   0.0 |      30 |       0 |   0.0
        D:3 |      66 |     214 |  76.4 |      20 |       1 |   4.8
        D:4 |     285 |      11 |   3.7 |      19 |       6 |  24.0
        D:5 |     405 |       0 |   0.0 |       8 |       0 |   0.0
        D:6 |     919 |     395 |  30.1 |      24 |       3 |  11.1
        D:7 |    1309 |     172 |  11.6 |      27 |       1 |   3.6
        D:8 |    2201 |      94 |   4.1 |      33 |       2 |   5.7
        D:9 |    1857 |    4650 |  71.5 |      10 |      38 |  79.2
       D:10 |    2305 |    2042 |  47.0 |      19 |      10 |  34.5
       D:11 |    3134 |       0 |   0.0 |      19 |       0 |   0.0
       D:12 |    5732 |     692 |  10.8 |      16 |       2 |  11.1
       D:13 |    4642 |    8331 |  64.2 |      11 |      20 |  64.5
       D:14 |    3253 |       0 |   0.0 |       8 |       0 |   0.0
       D:15 |    5774 |    1092 |  15.9 |      11 |       1 |   8.3
     Lair:1 |    5467 |    1620 |  22.9 |      22 |       9 |  29.0
     Lair:2 |    2831 |     977 |  25.7 |      16 |       9 |  36.0
     Lair:3 |    7541 |    1424 |  15.9 |      32 |       1 |   3.0
     Lair:4 |    7038 |       0 |   0.0 |      30 |       0 |   0.0
     Lair:5 |   11655 |    7989 |  40.7 |      38 |      18 |  32.1
   Shoals:1 |   11690 |    1597 |  12.0 |      24 |       3 |  11.1
   Shoals:2 |   24060 |    4432 |  15.6 |      44 |      14 |  24.1
   Shoals:3 |   14649 |    4708 |  24.3 |      27 |       5 |  15.6
   Shoals:4 |    3211 |     656 |  17.0 |       5 |       2 |  28.6
   Spider:1 |   10512 |    4797 |  31.3 |      25 |       5 |  16.7
   Spider:2 |   24395 |    2087 |   7.9 |      73 |       1 |   1.4
   Spider:3 |   27265 |    5720 |  17.3 |      60 |       4 |   6.2
   Spider:4 |   11037 |   27731 |  71.5 |      24 |      38 |  61.3
      Orc:1 |     211 |       0 |   0.0 |       5 |       0 |   0.0
      Orc:2 |    1860 |   13859 |  88.2 |      30 |      72 |  70.6
      Elf:1 |   17180 |   15721 |  47.8 |      26 |      22 |  45.8
      Elf:2 |   21476 |   22155 |  50.8 |      32 |      30 |  48.4
      Elf:3 |   21429 |   37927 |  63.9 |      34 |      33 |  49.3
   Vaults:1 |   21153 |   12234 |  36.6 |      33 |      14 |  29.8
   Vaults:2 |   27233 |   23098 |  45.9 |      34 |      27 |  44.3
   Vaults:3 |   29651 |   23458 |  44.2 |      42 |      28 |  40.0
   Vaults:4 |   19615 |   33352 |  63.0 |      29 |      41 |  58.6
   Vaults:5 |   15033 |   92468 |  86.0 |      17 |      86 |  83.5
   Depths:1 |   20013 |    6081 |  23.3 |      23 |       6 |  20.7
   Depths:2 |   23034 |   43975 |  65.6 |      25 |      41 |  62.1
   Depths:3 |   35162 |       0 |   0.0 |      34 |       0 |   0.0
   Depths:4 |   23990 |   15490 |  39.2 |      26 |      15 |  36.6
      Zot:1 |    8704 |       0 |   0.0 |       8 |       0 |   0.0
      Zot:3 |    1832 |       0 |   0.0 |       1 |       0 |   0.0
      Zot:4 |     520 |       0 |   0.0 |       1 |       0 |   0.0
      Zot:5 |   35784 |   82767 |  69.8 |      31 |      38 |  55.1
    Abyss:3 |   12280 |    8823 |  41.8 |      37 |      12 |  24.5
      IceCv |       0 |   14302 | 100.0 |       0 |      48 | 100.0
    Volcano |       0 |    4177 | 100.0 |       0 |       9 | 100.0
            +---------+---------+-------+---------+---------+-------

Skill      XL: |  1  2  3  4  5  6  7  8  9 10 11 12 13 14 15 16 17 18 19 20 21 22 23 24 25 |
---------------+----------------------------------------------------------------------------+-----
Fighting       | 2 4 5 6 7 9 10 11 14 15 18 20 21 23 24 | 24.0
Maces & Flails | 3 4 6 7 9 10 11 14 16 20 | 20.0
Armour         | 5 9 10 12 14 20 22 24 26 | 26.3
Shields        | 6 12 14 15 16 | 16.0
Invocations    | 1 4 8 |  8.0
Dodging        | 4 6 9 10 | 10.5
Evocations     | 8 |  8.0
Throwing       | |  1.7

Action                     |  1- 3 |  4- 6 |  7- 9 | 10-12 | 13-15 | 16-18 | 19-21 | 22-24 | 25-27 || total
---------------------------+-------+-------+-------+-------+-------+-------+-------+-------+-------++-------
  Melee: Flail             |    97 |   190 |   238 |   412 |   871 |       |       |       |       ||  1808
         Tailslap          |     9 |    22 |    41 |    69 |   194 |    53 |   195 |   367 |    31 ||   981
         Punch             |       |     2 |     2 |       |       |       |       |       |       ||     4
         Kick              |       |       |       |    20 |    83 |       |       |       |       ||   103
         Headbutt          |       |       |       |    31 |    82 |       |       |       |       ||   113
         Eveningstar       |       |       |       |       |   193 |   289 |   996 |  1287 |   153 ||  2918
  Throw: Dart              |       |       |       |     2 |     4 |       |       |       |       ||     6
 Invoke: Recall Ancestor   |       |       |     1 |     1 |     5 |     6 |     5 |     5 |     3 ||    26
         Ancestor Life: Ba |       |       |     1 |       |       |       |       |       |       ||     1
         Idealise          |       |       |       |       |     8 |     8 |    17 |    10 |     2 ||    45
  Evoke: Wand              |       |       |       |     2 |     7 |       |     1 |     1 |     1 ||    12
         Phantom mirror    |       |       |       |       |       |     1 |     2 |     1 |       ||     4
         Phial of floods   |       |       |       |       |       |     1 |     1 |       |       ||     2
         Lightning rod     |       |       |       |       |       |       |     9 |     4 |       ||    13
         Sack of spiders   |       |       |       |       |       |       |       |     2 |       ||     2
    Use: Scroll            |       |     7 |    11 |     7 |    16 |     8 |    19 |    21 |     2 ||    91
         Potion            |       |     2 |     3 |     2 |    13 |     6 |     7 |    16 |     5 ||    54
   Stab: Distracted        |       |       |     3 |    10 |    24 |    11 |    20 |    40 |     3 ||   111
         Sleeping          |       |       |     1 |     4 |       |       |       |       |       ||     5
         Invisible         |       |       |       |       |    10 |     2 |     9 |       |       ||    21
         Fleeing           |       |       |       |       |     1 |       |       |       |       ||     1
 Armour: Leather armour    |    36 |    87 |   120 |     7 |     8 |       |       |       |       ||   258
         Skin              |       |     3 |       |       |       |       |       |       |       ||     3
         Steam dragon scal |       |       |       |    79 |       |       |       |       |       ||    79
         Ring mail         |       |       |       |    53 |    77 |       |       |       |       ||   130
         Scale mail        |       |       |       |       |   265 |   240 |   334 |       |       ||   839
         Gold dragon scale |       |       |       |       |       |       |   366 |   876 |   161 ||  1403
  Dodge: Dodged            |    64 |   132 |   139 |   148 |   332 |   202 |   410 |   221 |    52 ||  1700
  Block: Other             |       |       |    39 |     1 |       |       |       |       |       ||    40
         Reflection        |       |       |     3 |     3 |    18 |     2 |    55 |       |       ||    81
         Buckler           |       |       |       |   121 |       |       |       |       |       ||   121
         Kite shield       |       |       |       |    27 |   755 |   381 |   870 |   905 |   150 ||  3088

Illustrated notes

Table legend:
 A = Kills in this place as a percentage of kills in the entire game.
 B = Kills by you in this place as a percentage of kills by you in the entire game.
 C = Kills by friends in this place as a percentage of kills by friends in the entire game.
 D = Other kills in this place as a percentage of other kills in the entire game.
 E = Experience gained in this place as a percentage of experience gained in the entire game.
 F = Experience gained in this place divided by the number of levels of this place that you have seen.
                   A       B       C       D       E      F
               +-------+-------+-------+-------+-------+----------------------
         Total | 100.0 | 100.0 | 100.0 | 100.0 | 100.0 | 21179.1
       Dungeon |  18.8 |  21.4 |  13.5 |   0.0 |   4.6 | 3339.5
          Lair |   9.2 |  10.4 |   6.9 |   0.0 |   4.3 | 9308.4
        Shoals |   6.5 |   4.6 |  10.6 |   0.0 |   6.0 | 16250.8
   Spider Nest |  12.1 |  11.6 |  13.0 |  50.0 |  10.5 | 28386.0
  Orcish Mines |   5.6 |   5.8 |   5.3 |   0.0 |   1.5 | 7965.0
   Elven Halls |   9.3 |   8.5 |  10.9 |  50.0 |  12.6 | 45296.0
        Vaults |  18.5 |  18.3 |  19.0 |   0.0 |  27.5 | 59459.0
        Depths |   9.9 |   9.7 |  10.5 |   0.0 |  16.9 | 45744.0
           Zot |   4.4 |   4.3 |   4.5 |   0.0 |  12.3 | 26655.8
         Abyss |   2.6 |   2.4 |   2.9 |   0.0 |   2.0 | 21103.0
      Ice Cave |   2.5 |   2.7 |   2.1 |   0.0 |   1.3 | 14302.0
       Volcano |   0.5 |   0.3 |   0.8 |   0.0 |   0.4 | 4177.0
               +-------+-------+-------+-------+-------+----------------------

Table legend: (Time is in decaauts)
 A = Elapsed time spent in this place.
 B = Non-inter-level travel time spent in this place.
 C = Inter-level travel time spent in this place.
 D = Time resting spent in this place.
 E = Time spent auto-exploring this place.
 F = Levels seen in this place.
 G = Mean time per level.
                   A        B        C        D        E       F      G
               +--------+--------+--------+--------+--------+-----+--------+
         Total |  54539 |  50038 |   4501 |  10852 |  28747 |  51 | 1069.4 |
       Dungeon |  16055 |  14382 |   1673 |   2801 |   9135 |  15 | 1070.3 |
        Temple |     31 |     19 |     12 |      0 |      0 |   1 |   31.0 |
          Lair |   5444 |   5129 |    315 |    799 |   3448 |   5 | 1088.8 |
        Shoals |   3156 |   2982 |    174 |    764 |   1535 |   4 |  789.0 |
   Spider Nest |   7844 |   7322 |    522 |   2248 |   3956 |   4 | 1961.0 |
  Orcish Mines |   2305 |   2065 |    240 |    478 |   1171 |   2 | 1152.5 |
   Elven Halls |   6595 |   6181 |    414 |   2351 |   2624 |   3 | 2198.3 |
        Vaults |   6295 |   5656 |    639 |    294 |   3828 |   5 | 1259.0 |
        Depths |   3841 |   3402 |    439 |    255 |   2318 |   4 |  960.2 |
           Zot |   1062 |    992 |     70 |    101 |    331 |   5 |  212.4 |
         Abyss |    350 |    350 |      0 |    128 |     47 |   1 |  350.0 |
      Ice Cave |   1218 |   1218 |      0 |    544 |    301 |   1 | 1218.0 |
       Volcano |    339 |    339 |      0 |     87 |     51 |   1 |  339.0 |
               +--------+--------+--------+--------+--------+-----+--------+

Top non-repeatable levels by time:
   Elf:2: 2558 daAuts
Spider:3: 2332 daAuts
   Elf:3: 2091 daAuts
   Orc:2: 1982 daAuts
Spider:1: 1972 daAuts
   Elf:1: 1945 daAuts
Spider:2: 1812 daAuts
Spider:4: 1726 daAuts
     D:9: 1627 daAuts
    D:13: 1564 daAuts
Vaults:4: 1548 daAuts
     D:6: 1424 daAuts
Vaults:1: 1418 daAuts
Shoals:2: 1391 daAuts
  Lair:4: 1221 daAuts
